 Dungeon Crawl Stone Soup version 0.30-a0-1103-g25895a7845 (webtiles) character file.

Game seed: 6386163826326337250

772126 scionoferis the Rapturous (level 27, -3/176 HPs)
             Began as a Vine Stalker Brigand on Apr 10, 2023.
             Was a Follower of Uskayaw.
             Killed from afar by Ativ the pandemonium lord (20 damage)
             ... with damnation
             ... on level 11 of a ziggurat on Apr 18, 2023.
             The game lasted 08:09:02 (93210 turns).

scionoferis the Rapturous (Vine Stalker Brigand)   Turns: 93210, Time: 08:09:03

Health: -3/176     AC: 53    Str: 33    XL:     27
Magic:  0/47       EV: 23    Int: 11    God:    Uskayaw [*.....]
Gold:   5571       SH:  9    Dex: 26    Spells: 18/26 levels left

rFire   + . .      SeeInvis .    a - +9 quick blade (flame)
rCold   + + .      Faith    +    S - +0 buckler {rN+}
rNeg    + . .      Spirit   +    m - +12 gold dragon scales
rPois   +          Reflect  .    r - +1 helmet of the First Snow {MP+9}
rElec   +          Rampage  +    n - +1 cloak of Starlight {*Dazzle EV+4 Stlth--}
rCorr   .                        W - +2 pair of gloves {Str+3}
Will    ++++.                    j - +2 pair of boots {rampage} Stlth
                                 p - amulet of faith
HPRegen 1.29/turn                T - ring "Zogeuczu" {Drain rElec Will+ Str+4 Dex+6}
MPRegen 0.30/turn                I - ring of Ritit {+Blink rElec AC+4 Str+4}

@: hasted, studying 3 skills, silenced, very quick
A: fangs 3, regeneration 1, magic shield, antimagic bite, no potion heal 2,
hooves 1, cold resistance 1, robust 1, screaming 1, weak 1
}: 5/15 runes: serpentine, barnacled, slimy, silver, abyssal
a: Renounce Religion, Evoke Blink


You were on level 11 of a ziggurat.
You worshipped Uskayaw.
Uskayaw was greatly pleased with you.
You visited 11 branches of the dungeon, and saw 55 of its levels.
You visited the Abyss 2 times.
You visited 1 bazaar.
You visited 1 ziggurat, and saw 11 of its levels.
You also visited: Bailey, Gauntlet and Wizlab.

You collected 9503 gold pieces.
You spent 3932 gold pieces at shops.


Innate Abilities, Weirdness & Mutations

You have razor-sharp teeth.
Your natural rate of healing is unusually fast.
When hurt, damage is shared between your health and your magic reserves.
Your bite disrupts and absorbs the magic of your enemies.
Potions cannot restore your health.
You have large cloven feet.
Your flesh is cold resistant. (rC+)
You are robust. (+10% HP)
You occasionally shout uncontrollably at your foes.
You are weak. (Str -2)


   Skills:
 + Level 21.4 Fighting
 - Level 18.0 Short Blades
 - Level 16.0 Throwing
 + Level 21.2 Armour
 * Level 16.0 Dodging
 - Level 18.0 Stealth
 + Level 11.6 Shields
 - Level 12.0 Translocations
 + Level 10.3 Transmutations
 - Level 12.0 Air Magic
 + Level 21.6 Invocations
 - Level 12.0 Evocations


You had 18 spell levels left.
You knew the following spells:

 Your Spells              Type           Power      Damage    Failure   Level
a - Wereblood             Tmut           22%        N/A       7%          2
b - Blink                 Tloc           52%        N/A       3%          2
c - Vhi's Electric Charg  Tloc/Air       52%        N/A       7%          3
d - Apportation           Tloc           52%        N/A       2%          1

Your spell library contained the following spells:

 Spells                   Type           Power      Damage    Failure   Level
 Lesser Beckoning         Tloc           52%        N/A       3%          2
 Beastly Appendage        Tmut           44%        N/A       4%          1
 Gell's Gravitas          Tloc           26%        N/A       7%          3
 Swiftness                Air            26%        N/A       7%          3
 Teleport Other           Tloc           26%        N/A       7%          3
 Airstrike                Air            13%        2d(2-18)  22%         4
 Manifold Assault         Tloc           26%        N/A       22%         4
 Passage of Golubria      Tloc           26%        N/A       22%         4
 Shock                    Conj/Air       52%        1d6       26%         1
 Sting                    Tmut/Pois      44%        1d5       36%         1
 Poisonous Vapours        Pois/Air       26%        N/A       38%         2
 Static Discharge         Conj/Air       26%        2-4/arc   38%         2
 Passwall                 Tmut/Erth      9%         N/A       50%         2
 Portal Projectile        Hex/Tloc       26%        N/A       63%         3
 Volatile Blastmotes      Fire/Tloc      26%        2d12      63%         3
 Cigotuvi's Dreadful Rot  Necr/Pois/Air  16%        N/A       67%         2
 Spider Form              Tmut/Pois      11%        N/A       75%         3
 Blade Hands              Tmut           11%        N/A       77%         5
 Mephitic Cloud           Conj/Pois/Air  8%         N/A       88%         3
 Ignite Poison            Fire/Tmut/Pois 7%         N/A       93%         3
 Iskenderun's Mystic Bla  Conj/Tloc      13%        2d5       95%         4
 Summon Lightning Spire   Summ/Air       13%        N/A       95%         4
 Foxfire                  Conj/Fire      0%         2x1d4     97%         1
 Freeze                   Ice            0%         1d3       97%         1
 Kiss of Death            Conj/Necr      0%         2d5       97%         1
 Necrotise                Necr           0%         1d4       97%         1
 Sandblast                Erth           0%         2d4       97%         1
 Slow                     Hex            0%         N/A       97%         1
 Summon Small Mammal      Summ           0%         N/A       97%         1
 Ice Form                 Ice/Tmut       11%        N/A       98%         4
 Dispersal                Tloc           13%        N/A       98%         6
 Ensorcelled Hibernation  Hex/Ice        0%         N/A       99%         2
 Scorch                   Fire           0%         2d5       99%         2
 Call Canine Familiar     Summ           0%         N/A       100%        3
 Confusing Touch          Hex            0%         N/A       100%        3
 Dazzling Flash           Conj/Hex       0%         N/A       100%        3
 Frozen Ramparts          Ice            0%         1d1       100%        3
 Hailstorm                Conj/Ice       0%         3d3       100%        3
 Inner Flame              Hex/Fire       0%         N/A       100%        3
 Ozocubu's Armour         Ice            0%         N/A       100%        3
 Stone Arrow              Conj/Erth      0%         3d7       100%        3
 Summon Guardian Golem    Hex/Summ       0%         N/A       100%        3
 Tukima's Dance           Hex            0%         N/A       100%        3
 Vampiric Draining        Necr           0%         2d6       100%        3
 Anguish                  Hex/Necr       0%         N/A       100%        4
 Animate Armour           Summ/Erth      0%         N/A       100%        4
 Animate Dead             Necr           0%         N/A       100%        4
 Cause Fear               Hex            0%         N/A       100%        4
 Dispel Undead            Necr           0%         3d6       100%        4
 Flame Wave               Conj/Fire      0%         2d4       100%        4
 Fulminant Prism          Conj/Hex       0%         3d5       100%        4
 Leda's Liquefaction      Hex/Erth       0%         N/A       100%        4
 Olgreb's Toxic Radiance  Pois           0%         N/A       100%        4
 Sticky Flame             Conj/Fire      0%         2d3       100%        4
 Summon Ice Beast         Ice/Summ       0%         N/A       100%        4
 Agony                    Necr           0%         N/A       100%        5
 Alistair's Intoxication  Tmut/Pois      7%         N/A       100%        5
 Arcjolt                  Conj/Air       6%         1d16      100%        5
 Fireball                 Conj/Fire      0%         3d3       100%        5
 Freezing Cloud           Conj/Ice/Air   4%         6-21      100%        5
 Irradiate                Conj/Tmut      5%         3d13      100%        5
 Iskenderun's Battlesphe  Conj           0%         2d6       100%        5
 Lee's Rapid Deconstruct  Erth           0%         3d4*      100%        5
 Metabolic Englaciation   Hex/Ice        0%         N/A       100%        5
 Silence                  Hex/Air        6%         N/A       100%        5
 Summon Forest            Summ/Tloc      6%         N/A       100%        5
 Summon Mana Viper        Hex/Summ       0%         N/A       100%        5
 Yara's Violent Unravell  Hex/Tmut       5%         3d4       100%        5
 Conjure Ball Lightning   Conj/Air       6%         3x3d6     100%        6
 Death Channel            Necr           0%         N/A       100%        6
 Eringya's Noxious Bog    Tmut/Pois      5%         N/A       100%        6
 Iron Shot                Conj/Erth      0%         9d1       100%        6
 Plasma Beam              Fire/Air       6%         2x1d18    100%        6
 Simulacrum               Ice/Necr       0%         N/A       100%        6
 Starburst                Conj/Fire      0%         6d3       100%        6
 Statue Form              Tmut/Erth      7%         N/A       100%        6
 Dragon Form              Tmut           11%        N/A       100%        7
 Enfeeble                 Hex            0%         N/A       100%        7
 Haunt                    Necr/Summ      0%         N/A       100%        7
 Malign Gateway           Summ/Tloc      6%         N/A       100%        7
 Monstrous Menagerie      Summ           0%         N/A       100%        7
 Orb of Destruction       Conj           0%         9d5       100%        7
 Ozocubu's Refrigeration  Ice            0%         4d7       100%        7
 Spellforged Servitor     Conj/Summ      0%         N/A       100%        7
 Storm Form               Tmut/Air       12%        N/A       100%        7
 Summon Hydra             Summ           0%         N/A       100%        7
 Discord                  Hex            0%         N/A       100%        8
 Disjunction              Tloc           13%        N/A       100%        8
 Ignition                 Fire           0%         3d3       100%        8
 Infestation              Necr           0%         N/A       100%        8
 Lehudib's Crystal Spear  Conj/Erth      0%         10d2      100%        8
 Dragon's Call            Summ           0%         N/A       100%        9
 Polar Vortex             Ice            0%         N/A       100%        9

Inventory:

Hand Weapons
 a - a +9 quick blade of flaming (weapon)
   (You subdued it on level 2 of the Elven Halls)
 b - the +0 dagger of Wetz {flame, rCorr Dex+3 SInv}
   (You took it off a yaktaur captain on level 5 of the Vaults)

   Dex:       It affects your dexterity (+3).
   SInv:      It lets you see invisible.
   rCorr:     It protects you from acid and corrosion.
 x - a +5 antimagic rapier
   (You took it off a merfolk aquamancer on level 4 of a ziggurat)
 X - the +10 zealot's sword {holy, Zealotry, *Rage rN+ EV+3}
   (You found it on level 7 of a ziggurat)

   Zealotry:  Whenever the wielder enters a berserk rage, their allies are
   berserked alongside them.
   EV:        It affects your evasion (+3).
   rN:        It protects you from negative energy.
   *Rage:     It berserks you when you make melee attacks (+20% chance).
Missiles
 f - 40 boomerangs (quivered)
 k - 7 silver boomerangs
 B - 4 javelins
 N - 11 silver javelins
 P - 4 throwing nets
Armour
 j - a +2 pair of boots of rampaging (worn)
   (You bought it in a shop on level 1 of the Depths)
 m - +12 gold dragon scales (worn)
   (You took it off Parghit on level 1 of the Realm of Zot)
 n - the +1 cloak of Starlight (worn) {*Dazzle EV+4 Stlth--}
   (You found it in a wizard's laboratory)

   *Dazzle:   It may blind those who miss an attack against the wearer in melee
   combat.
   EV:        It affects your evasion (+4).
   Stlth:     It makes you much less stealthy.
 o - +0 ice dragon scales
   (You took it off a demonspawn warmonger on level 8 of a ziggurat)
 r - the +1 helmet of the First Snow (worn) {MP+9}
   (You found it on level 3 of the Realm of Zot)

   MP:        It affects your magic capacity (+9).
 F - a +2 pair of boots of flying
   (You found it on level 4 of a ziggurat)
 K - a +1 cloak of poison resistance
   (You found it on level 5 of a ziggurat)
 S - a +0 buckler of positive energy (worn)
   (You took it off a tengu reaver on level 2 of the Depths)
 W - a +2 pair of gloves of strength (worn)
   (You found it on level 7 of a ziggurat)
Jewellery
 d - a +6 ring of strength
   (You bought it in a shop on level 3 of the Snake Pit)
 p - an amulet of faith (around neck)
   (You took it off a merfolk on level 4 of the Shoals)
 q - the ring of Nyiluatehu {rC+ rN+ Will+}
   (You took it off a merfolk on level 4 of the Shoals)

   [ring of positive energy]

   rC:        It protects you from cold.
   rN:        It protects you from negative energy.
   Will:      It increases your willpower.
 I - the ring of Ritit (right hand) {+Blink rElec AC+4 Str+4}
   (You found it on level 5 of the Vaults)

   [ring of protection]

   AC:        It affects your AC (+4).
   Str:       It affects your strength (+4).
   rElec:     It insulates you from electricity.
   +Blink:    It lets you blink.
 O - a ring of protection from fire
   (You found it on level 1 of the Elven Halls)
 T - the ring "Zogeuczu" (left hand) {Drain rElec Will+ Str+4 Dex+6}
   (You found it on level 10 of a ziggurat)

   [ring of dexterity]

   Str:       It affects your strength (+4).
   Dex:       It affects your dexterity (+6).
   rElec:     It insulates you from electricity.
   Drain:     It drains your maximum health when unequipped.
   Will:      It increases your willpower.
 U - the ring "Xotwaog" {rPois rN+ Dex+5}
   (You took it off a deep elf death mage on level 3 of the Elven Halls)

   [ring of poison resistance]

   Dex:       It affects your dexterity (+5).
   rPois:     It protects you from poison.
   rN:        It protects you from negative energy.
Wands
 C - a wand of mindburst (32)
   (You found it on level 5 of the Dungeon)
 E - a wand of digging (10)
   (You found it on level 4 of a ziggurat)
 H - a wand of acid (36)
   (You found it on level 6 of the Dungeon)
 M - a wand of iceblast (49)
   (You found it on level 6 of the Dungeon)
 V - a wand of charming (38)
   (You found it on level 1 of the Lair of Beasts)
Scrolls
 c - 4 scrolls of vulnerability
 e - 2 scrolls of brand weapon
 g - 21 scrolls of blinking
 s - 7 scrolls of butterflies
 t - a scroll of enchant armour
 y - 7 scrolls of silence
 z - 22 scrolls of fog
 D - 24 scrolls of teleportation
 J - 13 scrolls of poison
 L - 2 scrolls of enchant weapon
Potions
 h - a potion of brilliance
 i - 6 potions of cancellation
 l - 18 potions of mutation
 u - 4 potions of resistance
 v - 13 potions of might
 w - 18 potions of curing
 A - 15 potions of haste
 R - 5 potions of invisibility
Miscellaneous
 G - a phantom mirror
   (You found it on level 3 of the Crypt)
 Q - a lightning rod (4/4)
   (You found it on level 1 of the Depths)
 Y - a condenser vane
   (You found it on level 5 of the Pits of Slime)
 Z - a tin of tremorstones (1/2)
   (You found it on level 3 of the Elven Halls)

Dungeon Overview and Level Annotations

Branches:
Dungeon (15/15)            Temple (0/1) D:7            Lair (5/5) D:10
 Shoals (4/4) Lair:2        Snake (4/4) Lair:3        Slime (5/5) Lair:4
    Orc (2/2) D:9             Elf (3/3) Orc:2        Vaults (5/5) D:13
  Crypt (3/3) Vaults:2       Tomb (0/3) Crypt:3      Depths (4/4) D:15
    Zot (5/5) Depths:4     Bailey (visited)          WizLab (visited)
Gauntlet (visited)

Altars:
Dithmenos
Elyvilon
Fedhas
Gozag
Hepliaklqana
Kikubaaqudgha
Makhleb
Nemelex Xobeh
Okawaru
Qazlal
Ru
Sif Muna
Trog
Uskayaw
Vehumet
Wu Jian
Yredelemnul
Zin
The Shining One
Jiyva

Shops:
D:5 *   D:13 :   Orc:1 (   Orc:2 !!*(   Elf:3 [   Shoals:1 (   Shoals:2 *
Snake:3 ::=   Vaults:4 [   Vaults:5 [!   Depths:1 !?:[**   Depths:2 *

Portals:
Hell: Depths:1 Depths:2 Depths:3 Depths:4
Abyss: Depths:1 Depths:3
Pandemonium: Depths:2 Depths:4

Annotations:
Zot:5 1 exclusion

▓▓▓▓▓▓▓▓▓▓
▓▓.@.......
▓▓..........
▓▓..........p
▓▓...............z
▓▓.............9..!
▓.∩..&..4.1269....|
▓▓.......12..2Wz...
▓▓....21.622......
▓▓.....66p.......


You could see Ativ (fast, silencing, unsilenced), 2 Hell Sentinels, a demonspawn
warmonger (agile), an Ice Fiend (summoned, unsilenced), a cacodemon (resistant,
unsilenced), a demonspawn corrupter (agile), 2 balrugs, 2 green deaths, a flayed
ghost (summoned), a war gargoyle (summoned), an ironbound convoker (summoned), a
rust devil (agile) and a hellion (agile).


Message History

The dread lich closely misses you.
You puncture the dread lich! You burn the dread lich.
You destroy the dread lich!
The hell beast disappears in a puff of smoke!
The +0 dagger of Wetz {flame, rCorr Dex+3 SInv} stops flaming.
Your +9 quick blade of flaming bursts into flame!
a - a +9 quick blade of flaming (weapon)
Things that are here:
a +0 great sword; a +0 chain mail; a human corpse
Things that are here:
a +0 great sword; a +0 chain mail; a human corpse You see here a +1 great sword of flaming.
You see here an amulet of guardian spirit.
You see here a +1 cloak of poison resistance.
You see here an amulet of guardian spirit.
You see here a +1 cloak of poison resistance.
K - a +1 cloak of poison resistance You can no longer merge with and destroy a victim.
You see here a staff of death.
You see here 2 potions of degeneration.
You see here a +3 longbow of flaming.
You see here 5 stones.
L - a scroll of enchant weapon You can no longer pass through a line of other dancers.
You now have 5363 gold pieces (gained 39).
There is a gate leading back out of this place here.
y - 7 scrolls of silence (gained 1)
There is a stone staircase leading down here.
You now have 5377 gold pieces (gained 14).
There is a gate leading back out of this place here.
You now have 5432 gold pieces (gained 55).
There is a stone staircase leading down here.
You see here a +3 longbow of flaming.
You see here an amulet of guardian spirit.
Search for what [Enter for "zig", or ? for help]? zig Unknown command.
You see here an amulet of guardian spirit.
You see here a +3 longbow of flaming.
There is a stone staircase leading down here.
There is an empty arch of ancient stone here.
Found a pair of runed gloves.
A slime creature and a great orb of eyes come into view.
You have identified the last magical staff.
Found four items.
The slime creature quivers.
The great orb of eyes turns its gaze towards you.
A quicksilver ooze, an azure jelly and a rockslime come into view.
Found three items.
Found two gates leading back out of this place.
Found a stone staircase leading down.
The azure jelly quivers.
The rockslime quivers.
A rockslime comes into view.
Found a scroll of enchant armour.
The rockslime quivers.
The great orb of eyes gazes at you. You resist with almost no effort.
You rampage towards the slime creature!
You hit the slime creature. You burn the slime creature.
The slime creature is lightly wounded.
You barely miss the slime creature.
You bite the slime creature, but do no damage.
The slime creature is lightly wounded.
You puncture the slime creature! You burn the slime creature.
You bite the slime creature! You drain its power.
The slime creature is heavily wounded.
The slime creature barely misses you.
You hit the slime creature. You burn the slime creature.
Your bite misses the slime creature.
The slime creature is heavily wounded.
You puncture the slime creature! You burn the slime creature.
You bite the slime creature. You drain its power.
The slime creature is severely wounded.
You can now pass through a line of other dancers.
You hit the quicksilver ooze. You burn the quicksilver ooze.
You bite the quicksilver ooze! You drain its power.
The quicksilver ooze is moderately wounded.
The quicksilver ooze hits you. The quicksilver ooze engulfs you!
The quicksilver ooze barely misses you. You block the slime creature's attack.
You puncture the quicksilver ooze! You burn the quicksilver ooze.
You bite the quicksilver ooze!!
You kill the quicksilver ooze!
The ooze engulfing you falls away.
You gasp with relief as air once again reaches your lungs.
Uskayaw will force your foes to helplessly watch your dance.
Uskayaw prepares the audience for your solo!
The helpless great orb of eyes fails to defend itself.
You stick the great orb of eyes like a pincushion!!!!!
You burn the great orb of eyes.
You kill the great orb of eyes!
Uskayaw will force your foes to share their pain.
Uskayaw links your audience in an emotional bond!
The helpless slime creature fails to defend itself.
You stick the slime creature like a pincushion!!!!!
You burn the slime creature.
You kill the slime creature!
You rampage towards the rockslime!
The helpless rockslime fails to defend itself.
You stick the rockslime like a pincushion!!!!!
You burn the rockslime.
You kill the rockslime!
You can now merge with and destroy a victim.
The helpless rockslime fails to defend itself.
You perforate the rockslime like a sieve!!!!!
You kill the rockslime!
The helpless azure jelly fails to defend itself.
You spit the azure jelly like a pig!!!!!
You burn the azure jelly!
You kill the azure jelly!
You see here a +0 pair of gloves of dexterity.
T - a +0 pair of gloves of dexterity Unknown command.
Okay, then.
Unknown command.
You start removing your armour.
You continue taking off your +0 pair of gloves. x4
You can no longer merge with and destroy a victim.
You finish taking off your +0 pair of gloves.
You start putting on your armour.
You continue putting on your +0 pair of gloves of dexterity. x5
You finish putting on your +0 pair of gloves of dexterity.
You feel agile.
You drop a +0 pair of gloves.
You can no longer pass through a line of other dancers.
You see here a staff of air.
You now have 5475 gold pieces (gained 43).
You see here a book of Winter.
You see here a +2 plate armour of fire resistance.
g - 20 scrolls of blinking (gained 1)
There is a gate leading back out of this place here.
There is a stone staircase leading down here.
You see here the Elucidation of the Shot.
There is a gate leading back out of this place here.
You see here a scroll of identify.
t - a scroll of enchant armour
There is a stone staircase leading down here.
You see here the Elucidation of the Shot.
There is an empty arch of ancient stone here. 5 dragons come into view.
The storm dragon roars deafeningly!
The steam dragon hisses angrily.
The quicksilver dragon roars deafeningly!
The acid dragon roars!
The fire dragon roars deafeningly!
You hear a deafening roar!
You hear an angry hiss.
A rime drake comes into view.
The storm dragon breathes lightning at you.
The bolt of lightning hits you. You resist.
A steam dragon comes into view. x2
The steam dragon moves out of view.
The steam dragon hisses angrily.
You hear an angry hiss. x2
An ice dragon comes into view.
A shadow dragon and 2 rime drakes come into view.
Found a pair of embroidered gloves, a runed flail and a crystal plate armour.
The rime drake hisses angrily. x2
The fire dragon breathes flames at you. The blast of flame hits you!
You resist.
The tremorstone explodes into fragments!
The burst of rock shards engulfs the quicksilver dragon!!
The burst of rock shards engulfs you but does no damage.
The burst of rock shards engulfs the quicksilver dragon.
The burst of rock shards engulfs the fire dragon!
The burst of rock shards engulfs the rime drake!
The burst of rock shards engulfs the quicksilver dragon!!
The burst of rock shards engulfs the fire dragon but does no damage.
The burst of rock shards engulfs the rime drake!!
You kill the rime drake!
The burst of rock shards engulfs the quicksilver dragon!
The burst of rock shards engulfs the fire dragon!
A wyvern comes into view.
The quicksilver dragon breathes dispelling energy at you.
The bolt of dispelling energy hits you.
A rime drake comes into view.
The steam dragon breathes steam at you.
The ball of steam hits you but does no damage.
You can now pass through a line of other dancers.
You rampage towards the quicksilver dragon!
Found three items.
Found two gates leading back out of this place.
Found a stone staircase leading down.
You hit the quicksilver dragon. You burn the quicksilver dragon.
Your bite misses the quicksilver dragon.
The quicksilver dragon is severely wounded.
You closely miss the quicksilver dragon.
Your bite misses the quicksilver dragon.
The quicksilver dragon is severely wounded.
You hit the quicksilver dragon but do no damage.
The quicksilver dragon is severely wounded.
You block the quicksilver dragon's attack.
The quicksilver dragon closely misses you.
Unknown command.
You hit the quicksilver dragon. You burn the quicksilver dragon.
Your bite misses the quicksilver dragon.
The quicksilver dragon is severely wounded.
Unknown command.
You closely miss the quicksilver dragon.
You bite the quicksilver dragon! You drain its power.
You feel invigorated.
The quicksilver dragon is almost dead.
The quicksilver dragon is engulfed in a cloud of scalding steam.
The quicksilver dragon dies!
Unknown command.
You rampage towards the fire dragon!
Found 2 scrolls of teleportation.
You hit the fire dragon but do no damage.
You bite the fire dragon. You drain its power.
The fire dragon is moderately wounded.
The fire dragon closely misses you. The fire dragon misses you. x2
The storm dragon is engulfed in a cloud of scalding steam.
The steam dragon breathes steam at you.
The ball of steam hits the rime drake!
The ball of steam hits you but does no damage.
The rime drake is engulfed in a cloud of scalding steam.
You hit the shadow dragon. You burn the shadow dragon.
You bite the shadow dragon, but do no damage.
The shadow dragon is lightly wounded.
Uskayaw will force your foes to helplessly watch your dance.
Uskayaw prepares the audience for your solo!
The helpless fire dragon fails to defend itself.
You stick the fire dragon like a pincushion!!!!!
You burn the fire dragon.
You kill the fire dragon!
The wyvern is engulfed in a cloud of scalding steam.
The rime drake is engulfed in a cloud of scalding steam. x3
The helpless shadow dragon fails to defend itself.
You spit the shadow dragon like a pig!!!!!
You burn the shadow dragon.
You kill the shadow dragon!
Uskayaw will force your foes to share their pain.
Uskayaw links your audience in an emotional bond!
Your Transmutations skill increases to level 10!
The helpless rime drake fails to defend itself.
You spit the rime drake like a pig!!!!!
You kill the rime drake! x2
You burn the rime drake.
You kill the rime drake!
You rampage towards the storm dragon!
The helpless storm dragon fails to defend itself.
You perforate the storm dragon like a sieve!!!!!
You kill the wyvern!
You burn the storm dragon.
You kill the storm dragon!
You can now merge with and destroy a victim.
You rampage towards the acid dragon!
The helpless acid dragon fails to defend itself.
You perforate the acid dragon like a sieve!!!!!
You kill the steam dragon! x3
You burn the acid dragon!
You kill the acid dragon!
You rampage towards the ice dragon!
The helpless ice dragon fails to defend itself.
You perforate the ice dragon like a sieve!!!!!
You burn the ice dragon!
You kill the ice dragon!
You see here a rime drake corpse.
You see here a +2 pair of gloves of strength.
W - a +2 pair of gloves of strength You can no longer merge with and destroy a victim.
You start removing your armour.
You continue taking off your +0 pair of gloves of dexterity. x4
You finish taking off your +0 pair of gloves of dexterity.
You feel clumsy.
You start putting on your armour.
You continue putting on your +2 pair of gloves of strength. x2
You can no longer pass through a line of other dancers.
You continue putting on your +2 pair of gloves of strength. x3
You finish putting on your +2 pair of gloves of strength.
You feel stronger.
You see here a +1 heavy flail.
You see here a +0 crystal plate armour.
There is a gate leading back out of this place here.
You see here a +2 whip of electrocution.
There is a stone staircase leading down here.
You see here a staff of fire.
There is a gate leading back out of this place here.
You see here the +10 zealot's sword {holy, Zealotry, *Rage rN+ EV+3}.
X - the +10 zealot's sword {holy, Zealotry, *Rage rN+ EV+3}
D - 22 scrolls of teleportation (gained 2)
There is a gate leading back out of this place here.
You see here a +2 whip of electrocution.
There is a stone staircase leading down here.
You see here a staff of fire.
You see here a +1 heavy flail.
Search for what [Enter for "zig", or ? for help]? zig Unknown command.
You start removing your armour.
You continue taking off your +2 pair of gloves of strength. x4
You finish taking off your +2 pair of gloves of strength.
You feel weaker.
You start putting on your armour.
You continue putting on your +0 pair of gloves of dexterity. x5
You finish putting on your +0 pair of gloves of dexterity.
You feel agile.
You start removing your armour.
You continue taking off your +0 pair of gloves of dexterity. x4
You finish taking off your +0 pair of gloves of dexterity.
You feel clumsy.
You start putting on your armour.
You continue putting on your +2 pair of gloves of strength. x5
You finish putting on your +2 pair of gloves of strength.
You feel stronger.
Unknown command.
You see here a +0 crystal plate armour.
There is a stone staircase leading down here.
You see here a staff of fire.
Search for what [Enter for "zig", or ? for help]? zig Unknown command.
Unknown command.
There is an empty arch of ancient stone here.
Found four items.
A green death and a demonspawn corrupter come into view.
Found six items.
The green death roars!
The demonspawn corrupter shouts!
A blizzard demon comes into view.
A demonspawn warmonger comes into view. It is wielding a +1 heavy great sword.
A demonspawn black sun comes into view. It is wielding a +0 great sword.
Unknown command.
A Qiofil and a large abomination come into view.
Found five items.
Qiofil howls, "Embrace submission, thou tasty luncheon!"
The demonspawn warmonger shouts!
The blizzard demon shouts!
The demonspawn black sun shouts!
You hear a shout!
You hear a roar!
A demonspawn blood saint comes into view.
It is wielding a +0 dagger.
The demonspawn corrupter calls forth creatures from the Abyss!
The demonspawn warmonger calls upon its god to speed up the demonspawn blood saint.
The demonspawn blood saint seems to speed up.
Press: ? - help, v - describe, . - travel
Here: a starcursed mass (summoned)
The floor.
Unknown command.
Clouds of poison gas condense around you!
The condenser dries out!
The demonspawn blood saint is poisoned.
An efreet comes into view.
It is wielding a +2 scimitar of flaming.
The demonspawn black sun is engulfed in poison gas.
The demonspawn black sun is poisoned.
The demonspawn black sun utters an invocation to Kikubaaqudgha.
Qiofil begins absorbing vital energies!
The large abomination begins absorbing vital energies!
The demonspawn blood saint begins absorbing vital energies!
The efreet begins absorbing vital energies!
The demonspawn warmonger begins absorbing vital energies!
The blizzard demon begins absorbing vital energies!
The demonspawn black sun begins absorbing vital energies!
The green death begins absorbing vital energies!
The demonspawn corrupter begins absorbing vital energies!
The starcursed mass begins absorbing vital energies!
The tentacled starspawn begins absorbing vital energies!
The apocalypse crab begins absorbing vital energies!
The apocalypse crab is poisoned.
The apocalypse crab breathes chaos at you.
The blast of chaos misses you.
A starcursed mass splits.
A chorus of shrieks assaults your mind.
The demonspawn corrupter is engulfed in poison gas.
The demonspawn corrupter is poisoned.
The demonspawn warmonger is engulfed in poison gas.
The demonspawn warmonger is poisoned.
A green death comes into view.
Casting: Vhi's Electric Charge (mildly dangerous; 6% risk of failure)
Confirm with . or Enter, or press ? or * to list all spells.
Okay, then.
Unknown command.
Casting: Vhi's Electric Charge (mildly dangerous; 6% risk of failure)
Confirm with . or Enter, or press ? or * to list all spells.
Charge where?
Press: ? - help, Dir - move target, f - demonspawn corrupter
Aim: a demonspawn corrupter, wielding a +0 glaive and wearing a +0 leather armour (poison gas, lightly wounded, absorbing vital energies, poisoned, 81% to hit)
You charge forward with an electric crackle!
Found four items.
Found two gates leading back out of this place.
Found a stone staircase leading down.
You closely miss the demonspawn corrupter.
You bite the demonspawn corrupter!!! You drain its power.
You feel invigorated.
The demonspawn corrupter is heavily wounded.
The demonspawn blood saint is engulfed in poison gas.
The demonspawn blood saint looks even sicker.
The blizzard demon gestures at you.
The bolt of cold hits the demonspawn warmonger.
The demonspawn warmonger resists.
The bolt of cold misses Qiofil.
The bolt of cold misses you.
The apocalypse crab is engulfed in poison gas.
The apocalypse crab looks even sicker.
The apocalypse crab closely misses you.
The apocalypse crab completely misses you.
The demonspawn blood saint looks even sicker.
Tentacles burst from the starspawn's body!
The starcursed mass touches you but does no damage.
The demonspawn corrupter is engulfed in poison gas.
The demonspawn corrupter looks even sicker.
The demonspawn corrupter hits you but does no damage.
You block the demonspawn corrupter's attack.
The green death gestures at you.
The blast of poison engulfs you but does no damage.
You resist.
The demonspawn black sun is engulfed in poison gas.
The demonspawn black sun looks even sicker. 2 starspawn tentacles come into view.
The tremorstone explodes into fragments!
The burst of rock shards engulfs Qiofil.
The burst of rock shards engulfs the green death!
The burst of rock shards engulfs the demonspawn warmonger but does no damage.
The burst of rock shards engulfs the demonspawn blood saint!
The burst of rock shards engulfs the large abomination but does no damage.
The burst of rock shards engulfs the demonspawn corrupter!
The burst of rock shards engulfs the apocalypse crab!
The burst of rock shards engulfs the starcursed mass.
The burst of rock shards engulfs the efreet!
The burst of rock shards engulfs the blizzard demon but does no damage.
The burst of rock shards engulfs you but does no damage.
The burst of rock shards engulfs the green death but does no damage.
The burst of rock shards engulfs the demonspawn black sun but does no damage.
The burst of rock shards engulfs the starcursed mass!
The burst of rock shards engulfs the tentacled starspawn!
The burst of rock shards engulfs the demonspawn warmonger!
The burst of rock shards engulfs the apocalypse crab but does no damage.
The burst of rock shards engulfs Qiofil!
The burst of rock shards engulfs the demonspawn blood saint!
The burst of rock shards engulfs the starcursed mass.
The burst of rock shards engulfs the blizzard demon!!
The burst of rock shards engulfs you but does no damage.
The burst of rock shards engulfs the green death.
The burst of rock shards engulfs the green death!!
The burst of rock shards engulfs the large abomination but does no damage.
The burst of rock shards engulfs the demonspawn corrupter!
The burst of rock shards engulfs the starcursed mass but does no damage.
The burst of rock shards engulfs the blizzard demon!
The burst of rock shards engulfs the demonspawn warmonger!
The burst of rock shards engulfs Qiofil but does no damage.
The burst of rock shards engulfs the green death!
The burst of rock shards engulfs the large abomination but does no damage.
The burst of rock shards engulfs the demonspawn warmonger but does no damage.
The burst of rock shards engulfs the apocalypse crab but does no damage.
The burst of rock shards engulfs Qiofil!
The burst of rock shards engulfs the demonspawn blood saint!
The burst of rock shards engulfs the starcursed mass.
The burst of rock shards engulfs the blizzard demon.
The burst of rock shards engulfs you but does no damage.
The burst of rock shards engulfs the green death!!
The burst of rock shards engulfs the green death!
The burst of rock shards engulfs the large abomination!
The burst of rock shards engulfs the demonspawn corrupter!
You kill the demonspawn corrupter!
The starcursed mass disappears in a puff of smoke!
The starspawn's tentacles wither and die.
The tentacled starspawn disappears in a puff of smoke!
The apocalypse crab disappears in a puff of smoke!
The starcursed mass disappears in a puff of smoke!
The tin is emptied!
The green death hits you but does no damage.
The demonspawn warmonger is engulfed in poison gas.
The demonspawn warmonger looks even sicker.
The demonspawn black sun is engulfed in poison gas.
The demonspawn black sun looks even sicker.
You can now pass through a line of other dancers.
Uskayaw will force your foes to helplessly watch your dance.
Uskayaw prepares the audience for your solo!
Unknown command.
Unknown command.
Unknown command.
Unknown command.
The helpless Qiofil fails to defend itself.
You spit Qiofil like a pig!!!!! You burn Qiofil!!
You kill Qiofil!
The demonspawn blood saint is engulfed in poison gas.
The demonspawn blood saint looks as sick as possible!
Uskayaw will force your foes to share their pain.
Uskayaw links your audience in an emotional bond!
The helpless large abomination fails to defend itself.
You perforate the large abomination like a sieve!!!!!
You kill the efreet!
You kill the demonspawn blood saint!
You kill the green death!
You kill the blizzard demon!
You burn the large abomination!
You destroy the large abomination!
The helpless demonspawn black sun fails to defend itself.
You stick the demonspawn black sun like a pincushion!!!!!
You burn the demonspawn black sun!
You kill the demonspawn black sun!
The demonspawn warmonger is engulfed in poison gas.
The demonspawn warmonger looks even sicker.
You can now merge with and destroy a victim.
The helpless green death fails to defend itself.
You stick the green death like a pincushion!!!!!
You burn the green death.
You kill the green death!
The demonspawn warmonger is engulfed in poison gas.
The demonspawn warmonger looks as sick as possible!
You kill the demonspawn warmonger!
H - a wand of acid (36) (gained 1 charge)
Things that are here:
a +1 heavy great sword; +0 ice dragon scales; a demonspawn corpse You can't carry that many items.
You can no longer merge with and destroy a victim.
Things that are here:
a +0 great sword; a +0 ring mail; a demonspawn corpse
Things that are here:
a +0 glaive; a +0 leather armour; a demonspawn corpse You see here 2 scrolls of identify.
You see here 2 scrolls of identify.
You see here 2 scrolls of identify.
You now have 5513 gold pieces (gained 38).
You see here a +2 scimitar of flaming.
R - 5 potions of invisibility (gained 1)
Things that are here:
a +0 dagger; a +0 robe You can no longer pass through a line of other dancers.
Things that are here:
a +1 heavy great sword; +0 ice dragon scales; a demonspawn corpse
M - a wand of iceblast (49) (gained 2 charges)
You see here a staff of earth.
You see here a +0 chain mail.
You see here a potion of attraction.
You see here a scroll of identify.
You see here a wand of flame (10).
You see here an amulet of the acrobat.
You see here a wand of flame (10).
You drop a wand of flame (14).
You see here 2 scrolls of identify.
Things that are here:
a +0 great sword; a +0 ring mail; a demonspawn corpse
Things that are here:
a +0 glaive; a +0 leather armour; a demonspawn corpse You see here a +2 scimitar of flaming.
Things that are here:
a +0 dagger; a +0 robe
Things that are here:
a +1 heavy great sword; +0 ice dragon scales; a demonspawn corpse o - +0 ice dragon scales You see here a staff of earth.
You see here a +0 chain mail.
You see here a potion of attraction.
You see here a scroll of identify.
You see here a wand of flame (10).
You see here an amulet of the acrobat.
You see here the +7 hand axe "Irurph" {freeze, Will+ SInv}.
Your pack is full.
You see here a scroll of fear.
You see here 2 scrolls of identify.
You pick up a book of the Senses and begin reading...
You add the spell Dazzling Flash to your library.
There is a gate leading back out of this place here.
You see here a +0 pair of gloves.
There is a stone staircase leading down here.
You see here a scroll of identify.
There is a gate leading back out of this place here.
You see here a +0 short sword.
You see here the Volume of the Cemetery.
There is a stone staircase leading down here.
You see here a scroll of identify.
Your pack is full.
You see here a scroll of fear.
You see here a staff of earth.
Things that are here:
a +1 heavy great sword; a demonspawn corpse Search for what [Enter for "zig", or ? for help]? zig Unknown command.
You see here 2 scrolls of identify.
There is a stone staircase leading down here.
You see here a scroll of identify.
You see here 2 scrolls of identify.
Unknown command.
You drop a +0 pair of gloves of dexterity.
Unknown command.
You see here 2 scrolls of identify.
T - a scroll of fear You see here a +0 chain mail.
There is a stone staircase leading down here.
You see here a scroll of identify.
Search for what [Enter for "zig", or ? for help]?
Unknown command.
There is an empty arch of ancient stone here.
A tormentor comes into view.
A demonspawn corrupter comes into view. It is wielding a +0 dire flail.
A demonspawn black sun comes into view. It is wielding a +0 great sword.
You rampage towards the demonspawn corrupter!
An Executioner, a demonspawn warmonger, a hellion and a Hell Sentinel come into view.
The demonspawn warmonger is wielding a +3 demon blade of freezing and wearing a +0 tower shield of protection.
You yell at the demonspawn warmonger!
A Maetaib, a demonspawn black sun and a blizzard demon come into view.
The demonspawn black sun is wielding a +0 demon blade of freezing.
The Executioner gives a hideous shriek!
The demonspawn black sun shouts!
The demonspawn warmonger shouts!
The hellion gives a hideous shriek!
The blizzard demon shouts!
The Hell Sentinel roars!
The demonspawn black sun shouts!
The demonspawn corrupter shouts!
The tormentor roars!
The Executioner gestures.
The Executioner seems to speed up.
The demonspawn black sun prays to Kikubaaqudgha.
Maetaib begins absorbing vital energies!
The Executioner begins absorbing vital energies!
The demonspawn black sun begins absorbing vital energies!
The demonspawn warmonger begins absorbing vital energies!
The hellion begins absorbing vital energies!
The blizzard demon begins absorbing vital energies!
The Hell Sentinel begins absorbing vital energies!
The demonspawn black sun begins absorbing vital energies!
The demonspawn corrupter begins absorbing vital energies!
The tormentor begins absorbing vital energies!
Maetaib sneers, "I will devour thy gizzard!"
Blink to where?
Press: ? - help, Dir - move target A demonspawn corrupter comes into view.
It is wielding a +0 great sword.
You yell at the demonspawn corrupter!
Found twelve items.
Found two gates leading back out of this place.
Found a stone staircase leading down.
As you read the scroll of blinking, it crumbles to dust.
The demonspawn corrupter shouts!
The hellion gestures at you.
The sphere of damnation explodes!
The damnation engulfs you!!
The demonspawn warmonger calls upon its god to speed up the demonspawn black sun.
The demonspawn black sun seems to speed up.
Press: ? - help, v - describe, . - travel, g - get item Item here: a heavily runed pewter ring.
The floor.
Unknown command.
Blink to where?
Press: ? - help, Dir - move target
As you read the scroll of blinking, it crumbles to dust.
The Executioner hits you but does no damage.
You block the Executioner's attack.
The Executioner hits you but does no damage.
The demonspawn corrupter hits you but does no damage.
You block the demonspawn corrupter's attack.
The demonspawn corrupter calls forth creatures from the Tomb of the Ancients!
Unknown command.
Press: ? - help, v - describe, . - travel, g - get item Item here: the ring of Heuck {rPois rF+ rN+ Str+4 Dex+3 Slay-6}.
The floor.
Unknown command.
Search for what [Enter for "zig", or ? for help]? zig Unknown command.
The Executioner hits you but does no damage.
You block the Executioner's attack.
The Executioner hits you but does no damage.
The Executioner completely misses you. The Executioner barely misses you.
The Executioner hits you.
The demonspawn corrupter calls forth creatures from the Realm of Zot!
There is a gate leading back out of this place here.
You see here a staff of death.
Unknown command.
Are you sure you want to leave this ziggurat?
Okay, then.
Unknown command.
The Executioner barely misses you.
The Executioner hits you but does no damage.
The Executioner completely misses you.
The Executioner hits you but does no damage.
The Executioner misses you.
The Executioner hits you but does no damage.
The tormentor calls on the powers of darkness!
The moth of wrath convulses!
Your body is wracked with pain!
The golden dragon convulses!
The white draconian stormcaller convulses!
The mummy priest calls on the powers of darkness!
The golden dragon convulses!
The moth of wrath convulses!
Your body is wracked with pain!
The white draconian stormcaller convulses!
The Executioner completely misses you.
The Executioner's vision is obscured by starry radiance!
The Executioner misses you. The Executioner closely misses you.
The demonspawn warmonger calls upon its god to speed up the demonspawn corrupter.
The golden dragon breathes fire at you.
The bolt of fire hits the Executioner!!
The Executioner resists.
The bolt of fire hits you but does no damage.
There is a stone staircase leading down here.
You see here a scroll of silence.
The Executioner hits you but does no damage.
The Executioner closely misses you.
The Executioner hits you but does no damage.
You block the demonspawn black sun's attack.
The Executioner hits you but does no damage.
The Executioner barely misses you. The Executioner misses you.
The demonspawn corrupter mumbles some strange prayers to Lugonu against you.
The entropic weave corrodes you!
The Executioner hits you but does no damage. x2
The Executioner hits you.
You feel your power leaking away.
The demonspawn corrupter calls forth creatures from the Tomb of the Ancients!
The white draconian stormcaller breathes frost at you.
The blast of cold hits you but does no damage.
There is an empty arch of ancient stone here.
You start resting.
You are no longer corroded.
You start resting.
HP restored.
You start resting.
Magic restored.
Found six items.
A titan, a juggernaut and a frost giant come into view.
The frost giant is wielding a +0 battleaxe of freezing.
Found six items.
The juggernaut shouts!
You hear two shouts!
A frost giant comes into view.
It is wielding a +2 battleaxe of freezing.
An ettin comes into view.
It is wielding a +2 heavy dire flail and a +0 dire flail.
You hear a shout! x2
Unknown command.
The titan gestures at you while chanting.
The bolt of lightning hits you! You resist.
You hear a shout! x3
You rampage towards the juggernaut!
A juggernaut comes into view.
You barely miss the juggernaut. Your bite misses the juggernaut.
Aiming: Charm
Press: ? - help, Shift-Dir - straight line, f - juggernaut
Aim: a juggernaut (chance to affect: 4%)
Okay, then.
Unknown command.
You puncture the juggernaut! You burn the juggernaut.
You bite the juggernaut, but do no damage.
The juggernaut is lightly wounded.
You hit the juggernaut but do no damage.
The juggernaut is lightly wounded.
You block the juggernaut's attack. The juggernaut hits you!!
You hit the juggernaut but do no damage.
Your bite misses the juggernaut.
The juggernaut is lightly wounded.
You hit the juggernaut but do no damage.
You bite the juggernaut! You drain its power.
You feel invigorated.
The juggernaut is lightly wounded.
Unknown command.
You hit the juggernaut but do no damage.
You bite the juggernaut, but do no damage.
The juggernaut is lightly wounded.
Unknown command.
You puncture the juggernaut! You burn the juggernaut.
You bite the juggernaut, but do no damage.
The juggernaut is moderately wounded.
The frost giant casts a spell at you. The bolt of cold hits you! You resist.
A fire giant comes into view.
It is wielding a +0 great sword of flaming.
You can now pass through a line of other dancers.
Aiming: Line Pass
Press: ? - help, Dir - move target The juggernaut appears confused.
You can no longer pass through a line of other dancers.
Unknown command.
You catch the helpless juggernaut completely off-guard!
You perforate the juggernaut like a sieve!!!
You burn the juggernaut!! You bite the juggernaut!! You drain its power.
You feel invigorated.
The juggernaut is severely wounded.
You can now pass through a line of other dancers.
Unknown command.
You hit the juggernaut. You burn the juggernaut. You bite the juggernaut!!
You drain its power.
The juggernaut is almost dead.
The juggernaut hits the juggernaut!!!
The juggernaut hits the juggernaut!
You hear two shouts!
You hit the juggernaut but do no damage.
You bite the juggernaut!
You kill the juggernaut!
An ettin comes into view. It is wielding two +0 dire flails.
Uskayaw will force your foes to helplessly watch your dance.
Uskayaw prepares the audience for your solo!
Your tin of tremorstones (1/2) has regained one charge.
The helpless juggernaut fails to defend itself.
You perforate the juggernaut like a sieve!!!!!
You burn the juggernaut!
You kill the juggernaut!
Uskayaw will force your foes to share their pain.
Uskayaw links your audience in an emotional bond!
The helpless frost giant fails to defend itself.
You perforate the frost giant like a sieve!!!!!
You burn the frost giant!!!
You kill the frost giant!
You rampage towards the ettin! 2 frost giants come into view.
A frost giant is wielding a +3 battleaxe of freezing.
A frost giant is wielding a +2 battleaxe of freezing.
A titan comes into view.
Found 4 stones.
The frost giant shouts! x2
The helpless titan fails to defend itself.
You perforate the titan like a sieve!!!!!
You burn the titan!
You kill the titan!
The frost giant is no longer paralysed.
The frost giant casts a spell at you. The bolt of cold hits you!! You resist.
You can now merge with and destroy a victim.
You rampage towards the ettin!
Found a slimy wooden ring.
The helpless ettin fails to defend itself.
You perforate the ettin like a sieve!!!!!
You burn the ettin!!
You kill the ettin!
Your condenser vane has recharged.
You completely miss the frost giant. Your bite misses the frost giant.
The frost giant is severely wounded.
You hit the frost giant but do no damage.
You bite the frost giant.
The frost giant's magic leaks into the air.
You drain its magic.
You feel invigorated.
The frost giant is almost dead.
The ettin is no longer paralysed.
The frost giant casts a spell at you. The bolt of cold misses you.
The frost giant casts a spell at you. The bolt of cold misses you.
The frost giant points at you and mumbles some strange words.
The bolt of cold hits you! You resist.
You hit the frost giant. You burn the frost giant.
Your bite misses the frost giant.
The frost giant is almost dead.
Uskayaw prepares the audience for your solo!
Unknown command.
The helpless frost giant fails to defend itself.
You spit the frost giant like a pig!!!!!
You burn the frost giant!
You kill the frost giant!
You rampage towards the ettin!
Found four items.
Found a dyed leather armour, a scroll of blinking and a chain mail.
Found two gates leading back out of this place.
Found a stone staircase leading down.
The helpless ettin fails to defend itself.
You skewer the ettin like a kebab!!!!! You burn the ettin!
You kill the ettin!
You rampage towards the frost giant!
Found 2 scrolls of blinking.
The helpless frost giant fails to defend itself.
You skewer the frost giant like a kebab!!!!!
You burn the frost giant!!
You kill the frost giant!
The helpless titan fails to defend itself.
You stick the titan like a pincushion!!!!!
You burn the titan.
You kill the titan!
The helpless frost giant fails to defend itself.
You stick the frost giant like a pincushion!!!!!
You burn the frost giant!!
You kill the frost giant!
You rampage towards the fire giant!
The helpless fire giant fails to defend itself.
You spit the fire giant like a pig!!!!! You burn the fire giant.
You kill the fire giant!
Your Dodging skill increases to level 16!
Things that are here:
a +0 great sword of flaming; a fire giant corpse
Things that are here:
a +2 battleaxe of freezing; a frost giant corpse You see here a +0 battleaxe of freezing.
You see here a juggernaut corpse.
You see here a +0 battleaxe of freezing.
Things that are here:
a +2 battleaxe of freezing; a frost giant corpse
Things that are here:
a +2 heavy dire flail; a +0 dire flail You can no longer merge with and destroy a victim.
Things that are here:
a +2 battleaxe of freezing; a frost giant corpse
Things that are here:
a +0 dire flail; a +0 dire flail You see here a titan corpse.
You see here a +3 battleaxe of freezing.
You can no longer pass through a line of other dancers.
You see here 4 stones.
You see here a +2 plate armour of fire resistance.
You see here a +3 short sword of venom.
You see here a +0 ring mail of poison resistance.
You see here a +2 plate armour of positive energy.
Your pack is full.
You see here a scroll of amnesia.
L - 2 scrolls of enchant weapon (gained 1)
You see here a +0 rapier.
z - 22 scrolls of fog (gained 1)
You now have 5571 gold pieces (gained 58).
You see here the +10 morningstar "Eos" {elec, Halo rElec}.
E - a wand of digging (10) (gained 4 charges)
You see here 5 stones.
Your pack is full.
You see here the ring "Zogeuczu" {Drain rElec Will+ Str+4 Dex+6}.
D - 23 scrolls of teleportation (gained 1)
You see here a staff of death.
c - 4 scrolls of vulnerability (gained 1)
You see here a staff of earth.
D - 24 scrolls of teleportation (gained 1)
There is a gate leading back out of this place here.
You see here a +3 leather armour.
g - 20 scrolls of blinking (gained 2)
There is a gate leading back out of this place here.
You see here a +0 chain mail.
g - 21 scrolls of blinking (gained 1)
There is a stone staircase leading down here.
You see here the +10 morningstar "Eos" {elec, Halo rElec}.
You see here a +0 ring mail of poison resistance.
You see here a +3 short sword of venom.
You see here 5 stones.
You see here 4 stones.
Okay, then.
Unknown command.
Your pack is full.
You see here the ring "Zogeuczu" {Drain rElec Will+ Str+4 Dex+6}.
Okay, then.
Unknown command.
You drop a scroll of fear.
T - the ring "Zogeuczu" {Drain rElec Will+ Str+4 Dex+6} Unknown command.
Unknown command.
Really put on
T - the ring "Zogeuczu" {Drain rElec Will+ Str+4 Dex+6}?
You're wearing all the rings you can.
Remove which one? (? for menu, Esc to cancel) < or
d - a +6 ring of strength > or
I - the ring of Ritit {+Blink rElec AC+4 Str+4} You remove your +6 ring of strength.
You feel weaker.
You feel agile.
You feel stronger.
T - the ring "Zogeuczu" (left hand) {Drain rElec Will+ Str+4 Dex+6} Unknown command.
You see here 5 stones.
You see here a staff of death.
There is a gate leading back out of this place here.
You see here a +0 chain mail.
There is a stone staircase leading down here.
Save game and exit?
Welcome back, scionoferis the Vine Stalker Brigand.
Uskayaw says: Surrender yourself to the rhythm!
Press ? for a list of commands and other information.
Search for what [? for help]? zig Unknown command.
There is an empty arch of ancient stone here.
A green death, a cacodemon, a shadow demon and 3 demonspawn come into view.
A demonspawn warmonger is wielding a +0 demon blade of electrocution and wearing a +1 kite shield of protection.
Found a faintly glowing staff and a potion of experience.
The green death roars!
The cacodemon shouts!
The demonspawn blood saint shouts!
The shadow demon gives a loud, deep croak!
The demonspawn warmonger shouts!
The demonspawn blood saint shouts!
You hear a roar!
You hear a shout!
A rust devil comes into view.
A Hell Sentinel comes into view.
A demonspawn corrupter comes into view. It is wielding a +0 dire flail.
The rust devil screeches!
The shadow demon gestures.
The balrug shouts!
You hear a hideous shriek!
The balrug gestures at you.
The fireball explodes!
The fireball engulfs you but does no damage.
You resist.
The demonspawn blood saint calls on the powers of chaos!
The green death seems to speed up.
The demonspawn blood saint suddenly seems more resistant.
The demonspawn warmonger suddenly seems more agile.
The rust devil suddenly seems more agile.
The demonspawn blood saint suddenly seems more resistant.
The balrug seems to grow stronger.
The red devil suddenly seems more agile.
The balrug gestures at you.
The fireball explodes!
The fireball engulfs you! You resist.
A Hell Sentinel comes into view.
The Hell Sentinel roars!
You hear a chilling moan.
You rampage towards the demonspawn blood saint!
An Ativ and a hellwing come into view.
A demonspawn corrupter and a balrug come into view.
The balrug is wielding a +4 antimagic demon whip.
You yell at the demonspawn corrupter!
Ativ bleats, "Embrace thy doom, thou gleeking toad-spotted scut!"
The hellwing gives a chilling moan.
The balrug shouts!
A hellion comes into view.
A green death comes into view.
The hellion gestures at you.
The sphere of damnation explodes!
The damnation engulfs you!!
The demonspawn corrupter calls forth creatures from the Crypt!
The demonspawn corrupter calls forth creatures from the Vaults!
You hit the demonspawn blood saint.
Your bite misses the demonspawn blood saint.
The demonspawn blood saint is lightly wounded.
You puncture the demonspawn blood saint!
You bite the demonspawn blood saint! You drain its power.
You feel invigorated.
The demonspawn blood saint is moderately wounded.
Unknown command.
You closely miss the demonspawn blood saint.
You bite the demonspawn blood saint! You drain its power.
The demonspawn blood saint is heavily wounded.
Ativ gestures.
Ativ's surroundings become eerily quiet.
The red devil closely misses you.
The demonspawn blood saint hits you but does no damage.
The demonspawn warmonger hits you with a +0 demon blade of electrocution!
You block the demonspawn warmonger's attack.
The demonspawn warmonger gores you but does no damage.
You can now pass through a line of other dancers.
Ativ gestures.
The balrug gestures at you. Something smites you! The hellion gestures at you.
The sphere of damnation explodes!
The damnation engulfs you!! The red devil misses you.
You block the demonspawn blood saint's attack.
The green death gestures at you. The bolt of poison hits you! You resist.
The green death hits you but does no damage.
The demonspawn blood saint gestures.
You feel yourself speed up. Ativ completely misses you.
The balrug gestures at you. Makhleb smites you! The green death hits you!
Ativ completely misses you.
The demonspawn corrupter calls forth creatures from the Vaults!
Okay, then.
Unknown command.
You blink.
You can no longer pass through a line of other dancers.
The shadow demon gestures.
The Ice Fiend calls on the powers of darkness!
The ironbound convoker convulses!
Your body is wracked with pain!
Ativ gestures at you.
The sphere of damnation explodes!
The damnation engulfs you!!
* * * LOW HITPOINT WARNING * * *
The Hell Sentinel gestures at you.
The sphere of damnation explodes!
The damnation engulfs you!!
* * * LOW HITPOINT WARNING * * *
The balrug gestures at you. The bolt of fire misses you.
You feel stable enough to blink again. Ativ gestures at you.
The sphere of damnation explodes!
The damnation engulfs you!!
You die...

Skill      XL: |  1  2  3  4  5  6  7  8  9 10 11 12 13 14 15 16 17 18 19 20 21 22 23 24 25 26 27 |
---------------+----------------------------------------------------------------------------------+-----
Short Blades   | 2 3 4 5 6 7 8 10 11 12 13 14 15 16 18 | 18.0
Stealth        | 5 7 9 11 12 13 14 15 16 18 | 18.0
Fighting       | 2 3 4 5 7 8 9 10 11 12 13 14 15 16 17 18 19 20 21 | 21.4
Invocations    | 1 3 5 6 7 8 9 10 11 12 13 14 15 16 17 18 19 20 21 | 21.6
Dodging        | 1 3 4 5 6 7 8 9 10 16 | 16.0
Armour         | 1 2 5 7 8 10 11 12 13 15 16 18 19 20 21 | 21.2
Shields        | 3 5 11 | 11.6
Evocations     | 3 5 6 7 9 10 12 | 12.0
Transmutations | 1 5 7 10 | 10.3
Translocations | 3 5 6 8 12 | 12.0
Throwing       | 2 6 7 9 10 11 12 13 14 16 | 16.0
Air Magic      | 2 12 | 12.0

Action                     |  1- 3 |  4- 6 |  7- 9 | 10-12 | 13-15 | 16-18 | 19-21 | 22-24 | 25-27 || total
---------------------------+-------+-------+-------+-------+-------+-------+-------+-------+-------++-------
  Melee: Dagger            |    85 |   302 |   335 |   482 |  2367 |  2916 |   555 |       |    51 ||  7093
         Bite              |    17 |   106 |   151 |   355 |  1209 |  1517 |  1085 |  1461 |  3833 ||  9734
         Punch             |     1 |     5 |     5 |    10 |     1 |       |       |       |       ||    22
         Rapier            |       |       |    96 |   335 |       |       |       |       |       ||   431
         Quick blade       |       |       |       |       |       |       |  1523 |  2446 |  6162 || 10131
  Throw: Dart              |     1 |       |       |    29 |    45 |    10 |     3 |       |       ||    88
         Throwing net      |       |       |       |     1 |     1 |       |     2 |       |       ||     4
         Boomerang         |       |       |       |       |       |       |     1 |       |     5 ||     6
   Cast: Blink             |       |       |       |       |       |       |       |     2 |     3 ||     5
         Vhi's Electric Ch |       |       |       |       |       |       |       |       |     6 ||     6
         Apportation       |       |       |       |       |       |       |       |       |     1 ||     1
         Wereblood         |       |       |       |       |       |       |       |       |     1 ||     1
 Invoke: Line Pass         |       |       |       |       |     3 |    18 |     5 |    20 |    26 ||    72
         Grand Finale      |       |       |       |       |       |       |     3 |     8 |    12 ||    23
         Stomp             |       |       |       |       |       |       |     1 |     1 |     1 ||     3
Ability: Evoke Blink       |       |       |       |       |       |       |       |       |     1 ||     1
  Evoke: Wand              |       |       |     1 |     2 |       |       |     5 |     1 |     4 ||    13
         Box of beasts     |       |       |       |       |       |     1 |     1 |       |       ||     2
         Condenser vane    |       |       |       |       |       |       |       |       |     3 ||     3
         Tin of tremorston |       |       |       |       |       |       |       |       |     2 ||     2
    Use: Scroll            |       |     5 |     1 |     4 |    11 |     6 |     9 |     2 |    11 ||    49
         Potion            |       |       |       |     3 |       |     6 |     3 |       |     7 ||    19
   Stab: Sleeping          |    15 |    10 |     4 |       |    11 |    27 |    17 |     3 |    15 ||   102
         Paralysed         |       |     1 |     8 |    28 |    73 |    98 |   138 |   156 |   417 ||   919
         Held in net/web   |       |       |       |       |     2 |       |       |       |       ||     2
         Distracted        |       |       |       |       |     2 |     8 |     3 |       |    26 ||    39
         Confused          |       |       |       |       |     2 |    13 |     2 |    18 |    32 ||    67
         Invisible         |       |       |       |       |       |       |    13 |    41 |    51 ||   105
 Armour: Robe              |    10 |       |       |       |       |       |       |       |       ||    10
         Ring mail         |     3 |    24 |       |       |       |       |       |       |       ||    27
         Leather armour    |       |    59 |    18 |       |       |       |       |       |       ||    77
         Chain mail        |       |       |   193 |   214 |   273 |   341 |   289 |   443 |   726 ||  2479
         Scale mail        |       |       |       |       |       |     2 |       |       |       ||     2
         Gold dragon scale |       |       |       |       |       |       |       |       |   356 ||   356
  Dodge: Dodged            |    28 |   127 |   216 |   330 |   744 |  1297 |   638 |   978 |  1927 ||  6285
  Block: Buckler           |       |       |       |       |   242 |   445 |   232 |   264 |   661 ||  1844

Levels and vault maps discovered:
D:1:      shiori_arrival_whats_in_store_for_you, layout_loops_ring,
          serial_park_tiny_1
D:2:      mumra_celtic_spiral_tile, layout_basic, minivault_23,
          palyth_stone_intersect
D:3:      layout_loops_ring, minmay_gold_behind_fungi,
          dilly_guarded_unrand_morg, uniq_terence
D:4:      layout_loops_ring, grunt_temple_overflow_open,
          serial_co_window_serial, co_window_paths_b, co_window_cross_1,
          co_window_paths_b, co_window_corner_a, co_window_paths_a,
          co_window_of_opportunity_a, co_window_corner_a, co_window_corner_cb,
          co_window_2corner, co_window_of_opportunity_b, co_window_4corner_b,
          glass_columns_a, glass_columns_b, hangedman_abyss_or_decor_stabs
D:5:      layout_loops_cross, zin_purify, nicolae_hepliaklqana_hippocampus,
          kennysheep_generic_room_2, uniq_ijyb, uniq_menkaure
D:6:      layout_basic, minitemple, uniq_eustachio
D:7:      layout_basic, minmay_temple_entry_arrows, serial_demonic,
          serial_demonic_c, serial_demonic_f, serial_demonic_g,
          serial_demonic_g, minmay_fractal_squares_diagonal_5
D:8:      layout_loops_ring, general_overflow_altar,
          minmay_fractal_squares_gapless_5
D:9:      layout_stronghold, orc_0_dummy, enter_bailey_2, dk_vineyard_1
D:10:     layout_loops_ring, david_lair_shrubbed, st_stairs_10,
          nicolae_looking_at_the_future
D:11:     layout_cave_pools
D:12:     layout_loops_ring, grunt_ministairs_6, grunt_decor_clamped,
          nicolae_ru_awakened_eye, uniq_psyche
D:13:     layout_basic, david_vaults_4, serial_shops, nicolae_stop_n_shop_2,
          nicolae_wand_duel
D:14:     layout_loops_ring, nicolae_sextant, minivault_19
D:15:     grunt_enter_depths_magical_seal, layout_irregular_city,
          chequers_serial_rivers_room_a
Lair:1:   layout_long_grid, serial_bayou_ford_a, lemuel_fruit_fields
Lair:2:   layout_chaotic_city, minmay_shoals_entry_lonely_mermaid,
          gauntlet_entry_generic, gammafunk_ghost_grave,
          pdpol_lair_neglected_garden
Lair:3:   layout_regular_city, nicolae_snake_entry_squirm,
          ebering_ghost_funeral_grove, grunt_megastairs_2
Lair:4:   beast_lair_carwin_large_3, layout_gridlike, dpeg_slime_entry_enclosed,
          serial_bayou_shore_b, grunt_megastairs_3, lemuel_fruit_fields
Lair:5:   evilmike_catoblepas_cave, layout_small_grid
Shoals:1: layout_shoals, nicolae_take_the_stairs
Shoals:2: layout_shoals, minmay_shop_mayhem, uniq_kirke
Shoals:3: layout_shoals, nicolae_shoals_lost_giant_hut, uniq_mlioglotl
Shoals:4: shoals_end_hellmonk_lost_city
Snake:1:  layout_misc_corridors, special_room, nicolae_integral_box, uniq_louise
Snake:2:  layout_cave_pods, nicolae_snake_lava_pool
Snake:3:  layout_cave_shapes, basic_altar, minmay_shop_grove
Snake:4:  minmay_snake_end_coiled, layout_cave_town,
          nicolae_snake_gridmaze_zigzag, nicolae_snake_salamander_fort
Slime:1:  layout_caves
Slime:2:  layout_caves
Slime:3:  layout_caves
Slime:4:  layout_caves
Slime:5
Orc:1:    emtedronai_trogs_sanctum, layout_diamond_mine, serial_shops,
          nicolae_square_shop, basic_altar, minmay_orc_barracks, uniq_maurice
Orc:2:    st_orc_ogre_mass, layout_caves, bh_open_orc_temple, uniq_snorg
Elf:1:    minmay_the_grid_triangle_9x9_recursive_2
          [minmay_the_grid_triangle_9x9_prize_top_heavy,
          minmay_the_grid_triangle_9x9_impossible_snake,
          minmay_the_grid_triangle_9x9_corruption,
          minmay_the_grid_triangle_9x9_minimal], layout_geoelf_octagon,
          serial_shops, bzr_entry_gold, special_room [special_room_orc],
          hangedman_elf_disciples, minivault_24
Elf:2:    elven_hall_of_blades_hangedman_original
          [nicolae_blade_entry_sentries_behind_glass], layout_geoelf_diagonals,
          hellmonk_bongcloud_opening, uniq_asterion
Elf:3:    minmay_elf_hall_not_hex, layout_geoelf_octagon, serial_shops,
          nicolae_shop_advertising_works [nicolae_subvault_shop_adworks],
          hex_tiny
Vaults:1: ontoclasm_vaults_ring_square, hangedman_vaults_variations,
          nicolae_vaults_bisected_exclaves, grunt_tower_of_power, v_misc_5,
          v_misc_26, vaults_room_large_hall, v_misc_15, ontoclasm_vaults_spin,
          vaults_dpeg_ring, hangedman_vaults_trim, vaults_dpeg_encased_lava,
          layout_vaults_omnicross, uniq_zenata
Vaults:2: minmay_crypt_entry_necro_gods, v_misc_29, v_pattern_2,
          grunt_vaults_funneled_arena, nicolae_vaults_alarming,
          nicolae_vaults_little_squares_3, ontoclasm_vaults_misaligned,
          vaults_mumra_hexcomb, nicolae_vaults_network_periphery,
          dpeg_vaults_monster_box, layout_vaults_chaotic_city, serial_shops
Vaults:3: infiniplex_enter_wizlab_glasses, nicolae_vaults_border_crossing,
          ontoclasm_vaults_fault, hangedman_vaults_stagger,
          nicolae_vaults_an_arrangement, hangedman_vaults_cutoff,
          nicolae_vaults_little_squares_4, ontoclasm_vaults_ligature, v_misc_15,
          vaults_room_grunt_arrival_ludios, layout_vaults_omnigrid, uniq_margery
Vaults:4: ebering_ghost_gozag, hangedman_vaults_locks, hangedman_vaults_nails,
          nicolae_vaults_inception_corners, hangedman_vaults_restitches,
          grunt_vaults_twisty, hangedman_vaults_snaps, nicolae_vaults_octagons,
          nicolae_vaults_ring_of_whatevers, layout_vaults_maze, serial_shops,
          shop
Vaults:5
Crypt:1:  layout_regular_city, grunt_crypt_arrival_guarded_gate, uniq_grunn
Crypt:2:  layout_misc_corridors, uniq_boris
Crypt:3:  due_elkab, layout_chaotic_city, uniq_vv
Depths:1: layout_honeycomb, abyss_entry, grunt_hell_entry_dis_mu, serial_shops,
          nicolae_diamond_shop, roderic_lattice_a, nicolae_shop_fire_sale
          [nicolae_sub_dead_trees], minmay_protected_statue, minmay_shoptagon,
          serial_bayou_shore_b
Depths:2: thingy_vault, layout_cave_shapes, pf_vacation_house_of_asmodeus,
          minmay_misc_feat_roman, pan_entry, minmay_shop_grid_forest,
          hangedman_abyss_or_decor_slice, patterned_corridor
Depths:3: grunt_crosshair, layout_basic, pf_hell_entry_tar_spiral, abyss_entry,
          tso_metal_star, dk_noncrumbling_4, elyvilon_altar_1,
          serial_bayou_shore_b, uniq_mara
Depths:4: lemuel_castle_with_subvaults [lemuel_castle_interior_carwin_1],
          layout_cave_pools, ziggurat_fallback, lightli_too_deep,
          gammafunk_ghost_split, pan_entry, uniq_josephina, uniq_saint_roka,
          uniq_frederick
Zot:1:    lemuel_draconian_sentries_small, layout_misc_corridors,
          nicolae_transporter_circle, uniq_parghit
Zot:2:    layout_misc_corridors, st_stairs_10, lemuel_golem_globe
Zot:3:    layout_basic, gammafunk_ghost_arena, nicolae_diode_intersection
Zot:4:    layout_gridlike
Zot:5:    layout_gridlike
Zig:11

Notes
Turn   | Place    | Note
-------+----------+-------------------------------------------
     0 | D:1      | scionoferis the Vine Stalker Brigand began the quest for
                  | the Orb.
     0 | D:1      | Reached XP level 1. HP: 11/11 MP: 2/2
     1 | D:1      | Noticed a vampire
     3 | D:1      | Noticed a tengu
     6 | D:1      | Noticed a felid
     8 | D:1      | Noticed an elf
    12 | D:1      | Noticed a ghoul
    12 | D:1      | Noticed a gargoyle
    14 | D:1      | Noticed a spriggan
    16 | D:1      | Noticed a spriggan
    18 | D:1      | Noticed a barachi
    20 | D:1      | Noticed a formicid
    22 | D:1      | Noticed a demigod
    56 | D:1      | Reached skill level 2 in Short Blades
    78 | D:1      | Reached skill level 5 in Stealth
    78 | D:1      | Reached XP level 2. HP: 13/15 MP: 3/3
    90 | D:1      | Reached skill level 2 in Fighting
   290 | D:1      | Reached XP level 3. HP: 15/18 MP: 4/4
   723 | D:1      | Reached skill level 3 in Short Blades
   907 | D:2      | Gained mutation: Your natural rate of healing is unusually
                  | fast. [Vine Stalker growth]
   907 | D:2      | Reached XP level 4. HP: 23/23 MP: 5/5
  2072 | D:3      | Noticed Terence
  2344 | D:3      | Killed Terence
  2345 | D:3      | Reached skill level 3 in Fighting
  2345 | D:3      | Reached skill level 4 in Short Blades
  2345 | D:3      | Reached XP level 5. HP: 22/28 MP: 4/6
  2397 | D:3      | Noticed Natasha
  2447 | D:3      | Killed Natasha
  2465 | D:3      | Identified the +1 dagger "Mevic" {pain, rC+ Dex+2 SInv}
  2658 | D:3      | Noticed Natasha
  2673 | D:3      | Killed Natasha
  2727 | D:3      | Reached XP level 6. HP: 31/32 MP: 7/7
  2960 | D:3      | Noticed Natasha
  2974 | D:3      | Killed Natasha
  3023 | D:4      | Identified a scroll of acquirement
  3123 | D:4      | Found an iron altar of Okawaru.
  3123 | D:4      | Found a bloodstained altar of Trog.
  3124 | D:4      | Found a sparkling altar of Nemelex Xobeh.
  3124 | D:4      | Found a shimmering blue altar of Sif Muna.
  3125 | D:4      | Found a shadowy altar of Dithmenos.
  3125 | D:4      | Found a hide-covered altar of Uskayaw.
  3125 | D:4      | Found a burning altar of Makhleb.
  3125 | D:4      | Found a radiant altar of Vehumet.
  3182 | D:4      | Became a worshipper of Uskayaw the Reveller
  3305 | D:4      | Reached * piety under Uskayaw
  3307 | D:4      | Reached ** piety under Uskayaw
  3308 | D:4      | Reached skill level 5 in Short Blades
  3319 | D:4      | Reached *** piety under Uskayaw
  3375 | D:4      | Reached skill level 1 in Invocations
  3875 | D:4      | Reached XP level 7. HP: 37/37 MP: 9/9
  4237 | D:5      | Entered Level 5 of the Dungeon
  4251 | D:5      | Noticed Menkaure
  4262 | D:5      | Killed Menkaure
  4263 | D:5      | Reached skill level 2 in Invocations
  4319 | D:5      | Found a hazy altar of Hepliaklqana.
  4373 | D:5      | Reached skill level 4 in Fighting
  4400 | D:5      | Noticed Ijyb
  4433 | D:5      | Killed Ijyb
  4577 | D:5      | Reached skill level 3 in Invocations
  4608 | D:5      | Reached skill level 6 in Short Blades
  4661 | D:5      | Gained mutation: You have razor-sharp teeth. [Vine Stalker
                  | growth]
  4661 | D:5      | Reached XP level 8. HP: 22/42 MP: 9/11
  4979 | D:5      | Found a glowing silver altar of Zin.
  4981 | D:5      | Found Zin's Purification Station.
  5008 | D:5      | Reached skill level 4 in Invocations
  5252 | D:6      | Identified the +5 chain mail of the Prince of Darkness
                  | {rElec rCorr Str+3 Dex+4}
  5284 | D:6      | Reached **** piety under Uskayaw
  5742 | D:6      | Found an ornate altar of the Wu Jian Council.
  5744 | D:6      | Found a blossoming altar of Fedhas.
  5849 | D:6      | Noticed Eustachio
  6182 | D:7      | Reached skill level 1 in Dodging
  6205 | D:7      | Reached skill level 5 in Fighting
  6205 | D:7      | Reached skill level 7 in Short Blades
  6205 | D:7      | Reached skill level 5 in Invocations
  6210 | D:7      | Reached ***** piety under Uskayaw
  6213 | D:7      | Reached skill level 1 in Armour
  6233 | D:7      | Reached XP level 9. HP: 47/47 MP: 13/13
  6516 | D:6      | Killed Eustachio
  6517 | D:6      | Reached skill level 2 in Dodging
  6588 | D:7      | Reached skill level 2 in Armour
  6831 | D:7      | Reached skill level 8 in Short Blades
  6898 | D:7      | Reached ****** piety under Uskayaw
  7001 | D:7      | Reached skill level 6 in Invocations
  7004 | D:7      | Found a staircase to the Ecumenical Temple.
  7030 | D:7      | Reached skill level 3 in Dodging
  7154 | D:7      | Identified the +1 leather armour of the Game of Life {rElec
                  | Regen+ MP+9}
  7571 | D:8      | Reached XP level 10. HP: 39/53 MP: 15/15
  7665 | D:8      | Reached skill level 6 in Fighting
  7679 | D:8      | Found a stormy altar of Qazlal.
  7694 | D:8      | Identified the +6 scale mail of the Kangaroo {+Blink
                  | Stlth+}
  7725 | D:8      | Reached skill level 3 in Armour
  8670 | D:9      | Reached skill level 9 in Short Blades
  8687 | D:9      | Found a flagged portal.
  8701 | Bailey   | Entered a bailey
  8717 | Bailey   | Upgraded the game from 0.30-a0-1043-g60ff8d5f49 to
                  | 0.30-a0-1053-gbd8d5ba0ad
  8961 | Bailey   | Noticed an orc knight
  8986 | Bailey   | Killed an orc knight
  9104 | Bailey   | Reached skill level 7 in Fighting
  9104 | Bailey   | Reached skill level 10 in Short Blades
  9104 | Bailey   | Reached skill level 5 in Armour
  9104 | Bailey   | Reached skill level 4 in Dodging
  9104 | Bailey   | Reached skill level 7 in Invocations
  9104 | Bailey   | Reached XP level 11. HP: 57/57 MP: 17/17
  9236 | D:9      | Reached skill level 5 in Dodging
  9489 | D:9      | Found a staircase to the Orcish Mines.
 10025 | D:10     | Entered Level 10 of the Dungeon
 10227 | D:10     | Reached skill level 8 in Invocations
 10402 | D:10     | Reached skill level 11 in Short Blades
 10517 | D:10     | Paralysed by a hornet for 1 turns
 10729 | D:10     | Reached skill level 8 in Fighting
 10807 | D:10     | Reached XP level 12. HP: 59/64 MP: 19/19
 10853 | D:10     | Found a staircase to the Lair.
 11328 | D:11     | Noticed a two-headed ogre
 11344 | D:11     | Killed a two-headed ogre
 11374 | D:11     | Identified the amulet of Yredelemnul, Jumping {RegenMP
                  | Str-4 Int+4}
 11537 | D:11     | Noticed a two-headed ogre
 11548 | D:11     | Killed a two-headed ogre
 11574 | D:11     | Reached skill level 6 in Stealth
 11997 | D:12     | Reached skill level 9 in Invocations
 12038 | D:12     | Reached skill level 12 in Short Blades
 12088 | D:12     | Noticed Psyche
 12100 | D:12     | Killed Psyche
 12693 | D:12     | Found a sacrificial altar of Ru.
 12705 | D:12     | Noticed a two-headed ogre
 12724 | D:12     | Killed a two-headed ogre
 12725 | D:12     | Reached skill level 7 in Stealth
 12954 | D:13     | Found Imagy's Book Shop.
 13041 | D:13     | Noticed a centaur warrior
 13053 | D:13     | Killed a centaur warrior
 13278 | D:13     | Reached skill level 9 in Fighting
 13317 | D:13     | Noticed a centaur warrior
 13446 | D:13     | Killed a centaur warrior
 13447 | D:13     | Reached XP level 13. HP: 58/70 MP: 19/21
 14168 | D:13     | HP: 6/70 [iron troll (9)]
 14189 | D:13     | Reached skill level 8 in Stealth
 14368 | D:13     | Noticed a vault guard
 14491 | D:10     | Acquired a +2 hat of willpower
 14507 | Lair:1   | Entered Level 1 of the Lair of Beasts
 14550 | Lair:1   | Reached skill level 1 in Shields
 14771 | Lair:1   | Reached skill level 13 in Short Blades
 14795 | Lair:1   | Reached skill level 1 in Evocations
 15462 | Lair:2   | Found a gate leading to a gauntlet.
 15472 | Gauntlet | Entered a Gauntlet
 15472 | Gauntlet | Found a transporter.
 15472 | Gauntlet | Found a transporter.
 15476 | Gauntlet | Found a transporter.
 15477 | Gauntlet | Found a transporter.
 15486 | Gauntlet | Found a transporter.
 15551 | Gauntlet | Found a transporter.
 15563 | Gauntlet | Found a transporter.
 15577 | Gauntlet | Found a transporter.
 15587 | Gauntlet | Found a transporter.
 15602 | Gauntlet | Found a transporter.
 15608 | Gauntlet | Found a transporter.
 15629 | Gauntlet | Found a transporter.
 15705 | Gauntlet | Noticed a minotaur
 15828 | Gauntlet | Reached skill level 2 in Shields
 15831 | Gauntlet | Reached skill level 10 in Invocations
 15870 | Gauntlet | Killed a minotaur
 15881 | Gauntlet | Identified the +2 cloak of Eklyatiev {Dex+2}
 15881 | Gauntlet | Identified the +1 ring mail of the Tormentor {Will- Int+3
                  | Dex+3 SInv}
 16143 | Lair:2   | Reached skill level 2 in Evocations
 16359 | Lair:2   | Reached skill level 9 in Stealth
 16618 | Lair:2   | Reached skill level 3 in Shields
 16736 | Lair:2   | Found a runed translucent door.
 16736 | Lair:2   | Noticed HilariousDeathArtist's ghost (journeyman TeGl)
 17008 | Lair:2   | Found a staircase to the Shoals.
 17218 | Lair:3   | Got the Monograph on Shapes
 17242 | Lair:3   | Found a runed translucent door.
 17244 | Lair:3   | Noticed Qook's ghost (journeyman MiBe)
 17245 | Lair:3   | Identified the +6 trident of Valour {drain, Will- Str+5
                  | Int+3}
 17303 | Lair:3   | Reached skill level 3 in Evocations
 17392 | Lair:3   | Found a staircase to the Snake Pit.
 17409 | Lair:3   | Reached XP level 14. HP: 69/76 MP: 22/22
 17974 | Lair:3   | Reached skill level 10 in Fighting
 18153 | Lair:3   | Reached skill level 4 in Shields
 18507 | Lair:3   | Reached skill level 14 in Short Blades
 18507 | Lair:3   | Reached skill level 10 in Stealth
 18585 | Lair:4   | Found a viscous altar of Jiyva.
 18586 | Lair:4   | Found a staircase to the Slime Pits.
 18933 | Lair:4   | Reached skill level 4 in Evocations
 19228 | Lair:4   | Reached skill level 11 in Invocations
 19448 | Lair:5   | Entered Level 5 of the Lair of Beasts
 19901 | Lair:5   | Reached skill level 5 in Shields
 20281 | Lair:5   | Reached skill level 11 in Stealth
 20281 | Lair:5   | Reached skill level 5 in Evocations
 20899 | Lair:5   | Reached XP level 15. HP: 66/81 MP: 21/24
 20995 | Lair:5   | Learned a level 2 spell: Wereblood
 21078 | Lair:5   | Reached skill level 1 in Transmutations
 21127 | Lair:5   | Learned a level 2 spell: Blink
 21131 | Lair:5   | Learned a level 3 spell: Vhi's Electric Charge
 21627 | Lair:4   | Killed Qook's ghost
 21882 | Lair:2   | Killed HilariousDeathArtist's ghost
 22118 | Orc:1    | Entered Level 1 of the Orcish Mines
 22177 | Orc:1    | Reached skill level 11 in Fighting
 22177 | Orc:1    | Reached skill level 1 in Translocations
 22327 | Orc:1    | Found Riosuuf's Weapon Boutique.
 22607 | Orc:1    | Noticed Maurice
 22929 | Orc:1    | Reached skill level 6 in Evocations
 22947 | Orc:1    | Killed Maurice
 22997 | Orc:1    | Found a transporter.
 23006 | Orc:1    | Found a transporter.
 23417 | Orc:1    | Found a bloodstained altar of Trog.
 23417 | Orc:1    | Found the +8 Wrath of Trog {antimagic, *Rage Rampage}
 23450 | Orc:2    | Entered Level 2 of the Orcish Mines
 23521 | Orc:2    | Noticed Snorg
 23549 | Orc:2    | Killed Snorg
 23693 | Orc:2    | Found a staircase to the Elven Halls.
 23748 | Orc:2    | Reached skill level 2 in Translocations
 23788 | Orc:2    | Reached skill level 12 in Stealth
 23809 | Orc:2    | Reached skill level 6 in Armour
 23853 | Orc:2    | Reached skill level 12 in Invocations
 23889 | Orc:2    | Reached skill level 3 in Translocations
 23924 | Orc:2    | Found Kiogu's Assorted Antiques.
 23924 | Orc:2    | Found Paotror's Antique Weapon Shop.
 23925 | Orc:2    | Found Lenaw's Distillery.
 23925 | Orc:2    | Found Tyrphad's Distillery.
 24616 | Orc:2    | Bought a potion of mutation for 112 gold pieces
 24617 | Orc:2    | Bought a potion of flight for 54 gold pieces
 24617 | Orc:2    | Bought a potion of might for 72 gold pieces
 24617 | Orc:2    | Bought a potion of cancellation for 144 gold pieces
 24617 | Orc:2    | Bought a potion of attraction for 54 gold pieces
 24622 | Orc:2    | Bought a potion of brilliance for 56 gold pieces
 25154 | D:13     | Found a gate to the Vaults.
 25447 | D:14     | Reached skill level 6 in Dodging
 25588 | D:14     | Reached skill level 7 in Armour
 25668 | D:14     | Reached XP level 16. HP: 87/88 MP: 26/26
 26141 | D:15     | Entered Level 15 of the Dungeon
 26192 | D:15     | Reached skill level 4 in Translocations
 26669 | D:15     | Found a staircase to the Depths.
 26865 | D:15     | Reached skill level 13 in Stealth
 27291 | Snake:1  | Entered Level 1 of the Snake Pit
 27614 | Snake:1  | Identified a +2 tower shield of resistance
 27614 | Snake:1  | Noticed Louise
 27832 | Snake:1  | Killed Louise
 28516 | Snake:2  | Reached skill level 8 in Armour
 28626 | Snake:2  | Reached skill level 5 in Translocations
 29090 | Snake:2  | Reached skill level 12 in Fighting
 29276 | Snake:2  | Noticed a nagaraja
 29344 | Snake:2  | Killed a nagaraja
 29345 | Snake:2  | Reached skill level 7 in Dodging
 29449 | Snake:2  | Identified the +2 scale mail of Plasticity {Harm}
 30021 | Snake:3  | Found a sparkling altar of Nemelex Xobeh.
 30042 | Snake:3  | Reached skill level 13 in Invocations
 30200 | Snake:3  | Reached XP level 17. HP: 64/93 MP: 24/27
 30215 | Snake:3  | Reached skill level 9 in Armour
 30864 | Snake:3  | Found Yfe Ogre's Jewellery Shoppe.
 30864 | Snake:3  | Found Zusmau's Book Boutique.
 30865 | Snake:3  | Found Gisk's Book Boutique.
 30886 | Snake:4  | Entered Level 4 of the Snake Pit
 31517 | Snake:3  | Reached skill level 14 in Stealth
 32755 | Snake:4  | Reached skill level 10 in Armour
 33279 | Snake:4  | Reached skill level 8 in Dodging
 34109 | Snake:4  | Got a serpentine rune of Zot
 34351 | Snake:3  | Bought a ring of flight for 245 gold pieces
 34515 | Shoals:1 | Entered Level 1 of the Shoals
 34590 | Shoals:1 | Found Syph's Weapon Shoppe.
 34675 | Shoals:1 | Reached skill level 13 in Fighting
 34992 | Shoals:1 | Reached skill level 14 in Invocations
 35633 | Shoals:1 | Identified 2 potions of resistance
 35719 | Shoals:2 | Found Cougakec's Mayhem Merchandise.
 35970 | Shoals:2 | Reached XP level 18. HP: 94/100 MP: 29/29
 36374 | Shoals:2 | Noticed Kirke
 36396 | Shoals:2 | Killed Kirke
 37636 | Shoals:3 | Noticed Mlioglotl
 37828 | Shoals:3 | Got the Directory of Conjured Graupel
 37920 | Shoals:4 | Entered Level 4 of the Shoals
 38021 | Shoals:4 | Reached skill level 9 in Dodging
 38316 | Shoals:4 | Reached skill level 11 in Armour
 38485 | Shoals:4 | Got the Handbook of Imprecation and Cold
 38888 | Shoals:4 | Got a barnacled rune of Zot
 38911 | Shoals:4 | Identified the ring of Nyiluatehu {rC+ rN+ Will+}
 39238 | Shoals:4 | Killed Mlioglotl
 39403 | Shoals:3 | Reached skill level 15 in Invocations
 39651 | Shoals:3 | Reached skill level 2 in Throwing
 39693 | Shoals:4 | Reached skill level 14 in Fighting
 40685 | Elf:1    | Entered Level 1 of the Elven Halls
 40930 | Elf:1    | Reached XP level 19. HP: 106/106 MP: 31/31
 40965 | Elf:1    | Reached skill level 10 in Dodging
 40984 | Elf:1    | Found a flickering gateway to a bazaar.
 41012 | Bazaar   | Entered a bazaar
 41013 | Bazaar   | Found Wipputao's Jewellery Boutique.
 41013 | Bazaar   | Found Focam's Weapon Shop.
 41014 | Bazaar   | Found Anleesk's Antique Armour Emporium.
 41045 | Bazaar   | Found Inusm's Antique Armour Emporium.
 41053 | Bazaar   | Bought a glowing kite shield for 172 gold pieces
 41053 | Bazaar   | Bought a shiny helmet for 172 gold pieces
 41064 | Bazaar   | Bought a ring of protection from fire for 225 gold pieces
 41064 | Bazaar   | Bought a ring of poison resistance for 180 gold pieces
 41117 | Elf:1    | Reached skill level 3 in Throwing
 41161 | Elf:1    | You fall into a shaft and drop 1 floor!
 41950 | Elf:1    | Reached skill level 4 in Throwing
 42427 | Elf:2    | Identified the +0 kite shield of Dishonesty {rPois rF++
                  | Regen+ Dex-5}
 42427 | Elf:2    | Noticed Asterion
 42779 | Elf:2    | Reached skill level 12 in Armour
 42941 | Elf:2    | Killed Asterion
 43190 | Elf:2    | Reached skill level 5 in Throwing
 43857 | Elf:2    | Found a runed translucent gate.
 43857 | Elf:2    | Found a runed translucent gate.
 43858 | Elf:2    | Found a runed translucent gate.
 44549 | Elf:2    | HP: 6/107 [+5 flail of protection (9)]
 44555 | Elf:2    | Reached skill level 16 in Invocations
 45377 | Orc:2    | Bought a potion of curing for 42 gold pieces
 45379 | Orc:2    | Bought a potion of curing for 96 gold pieces
 45379 | Orc:2    | Bought a potion of curing for 96 gold pieces
 45796 | Orc:1    | Found a runed translucent door.
 45869 | Orc:1    | Identified the +7 chain mail "Odghyjag" {Contam rF+ rN+}
 46000 | Orc:1    | Reached skill level 6 in Throwing
 46001 | Orc:1    | Reached skill level 15 in Fighting
 46001 | Orc:1    | Reached XP level 20. HP: 111/113 MP: 31/33
 46613 | Elf:3    | Entered Level 3 of the Elven Halls
 46839 | Elf:3    | Found Libru's Armour Shop.
 46946 | Elf:3    | Paralysed by an air elemental for 1 turns
 47556 | Elf:3    | Reached skill level 13 in Armour
 47561 | Elf:3    | Identified the +4 halberd of Pride {protect, Str+3}
 47575 | Elf:3    | Noticed a Brimstone Fiend
 47578 | Elf:3    | HP: 9/114 [deep elf master archer/arrow (14)]
 47769 | Elf:3    | Noticed a Tzitzimitl
 47892 | Elf:3    | Identified the ring "Xotwaog" {rPois rN+ Dex+5}
 47961 | Elf:3    | Identified the ring "Bossiefish" {rPois rC+ rN++ rCorr
                  | Slay-4}
 47968 | Elf:3    | Identified the +1 whip "Suhoc" {distort, *Noise rC- Int+7
                  | SInv}
 47968 | Elf:3    | Identified the +3 scale mail "Makucumo" {rC+}
 47975 | Elf:3    | Identified the +4 falchion of the Feeding Gods {flame,
                  | Str+2}
 47982 | Elf:3    | Reached skill level 7 in Evocations
 48052 | Elf:3    | Reached skill level 7 in Throwing
 48188 | Elf:3    | Identified the staff of cold "Pank" {rF+ rC+ rN+}
 48220 | Elf:3    | Identified the +3 arbalest "Ovabb" {elec, Drain rPois rC+}
 48223 | Elf:3    | Got Xaownaac's Codex of Niveous Calefaction
 49241 | D:10     | Upgraded the game from 0.30-a0-1053-gbd8d5ba0ad to
                  | 0.30-a0-1094-g860fb061e7
 49357 | Vaults:1 | Entered Level 1 of the Vaults
 49868 | Vaults:1 | Reached skill level 16 in Fighting
 49997 | Vaults:1 | Noticed Zenata
 50006 | Vaults:1 | Killed Zenata
 50017 | Vaults:1 | Identified the +3 robe "Tuasaut" {Harm}
 50022 | Vaults:1 | Identified the +0 hat of the Forging Gods {rElec Regen+}
 50036 | Vaults:1 | Found a radiant altar of Vehumet.
 50066 | Vaults:1 | Identified a +2 robe of the Archmagi
 50070 | Vaults:1 | Identified the +0 hat of Pielaff {Dex+3}
 50698 | Vaults:1 | Reached XP level 21. HP: 98/119 MP: 28/34
 51261 | Vaults:2 | Reached skill level 8 in Evocations
 51274 | Vaults:2 | Reached skill level 14 in Armour
 51468 | Vaults:2 | Got the Disquisition on the Dose
 51541 | Vaults:2 | Reached skill level 8 in Throwing
 51813 | Vaults:2 | Reached skill level 17 in Invocations
 51892 | Vaults:2 | Found a staircase to the Crypt.
 51892 | Vaults:2 | Found a basalt altar of Yredelemnul.
 51893 | Vaults:2 | Found an ancient bone altar of Kikubaaqudgha.
 51913 | Vaults:2 | Identified the +4 leather armour "Buvviwoe" {Dex+2}
 52251 | Vaults:2 | You fall into a shaft and drop 1 floor!
 52318 | Vaults:3 | Found a magical portal.
 52342 | WizLab   | Entered The Roulette of Golubria
 52342 | WizLab   | Found a transporter.
 52345 | WizLab   | Found a corrupted altar of Lugonu.
 52400 | WizLab   | Found a transporter.
 52408 | WizLab   | Found a transporter.
 52449 | WizLab   | Found the +1 cloak of Starlight {*Dazzle EV+4 Stlth--}
 52451 | WizLab   | Found a corrupted altar of Lugonu.
 52486 | WizLab   | Found a transporter.
 52492 | WizLab   | Found a transporter.
 52525 | WizLab   | Found a transporter.
 52545 | WizLab   | Found a transporter.
 52569 | WizLab   | Found a transporter.
 52595 | WizLab   | Found a transporter.
 52595 | WizLab   | Found a transporter.
 52826 | WizLab   | Found a transporter.
 52872 | WizLab   | Found a transporter.
 52927 | WizLab   | Found a transporter.
 53002 | WizLab   | Got Golubria's Directory of Elsewhere
 53019 | WizLab   | Found a transporter.
 53039 | WizLab   | Reached skill level 17 in Fighting
 53052 | WizLab   | Got Golubria's Omnibus of Space
 53055 | WizLab   | Learned a level 1 spell: Apportation
 53087 | WizLab   | Identified the +0 cloak of Depression {Fly Regen+ Str-5}
 53247 | WizLab   | Found a transporter.
 53247 | WizLab   | Found a transporter.
 53289 | WizLab   | Found a transporter.
 53289 | WizLab   | Found a transporter.
 53353 | WizLab   | Found a transporter.
 53353 | WizLab   | Found a transporter.
 54072 | Vaults:3 | Reached skill level 9 in Evocations
 54073 | Vaults:3 | Noticed Margery
 54113 | Vaults:3 | Killed Margery
 54150 | Vaults:3 | Reached skill level 9 in Throwing
 54192 | Vaults:3 | Reached skill level 15 in Armour
 54263 | Vaults:3 | Reached XP level 22. HP: 117/127 MP: 35/35
 55113 | Vaults:2 | Reached skill level 18 in Fighting
 55602 | Vaults:3 | Reached skill level 10 in Throwing
 55606 | Vaults:3 | Reached skill level 18 in Invocations
 56552 | Vaults:4 | Found a runed translucent gate.
 56552 | Vaults:4 | Found a runed translucent gate.
 56552 | Vaults:4 | Found an opulent altar of Gozag.
 56552 | Vaults:4 | Found a runed translucent gate.
 56553 | Vaults:4 | Noticed Yptir's ghost (adept AtFE)
 56698 | Vaults:4 | Found Muak's Antique Armour Shoppe.
 56916 | Vaults:4 | Reached skill level 6 in Translocations
 57311 | Vaults:4 | Identified the +4 trident "Ruagen" {venom, SInv}
 57770 | Depths:1 | Entered Level 1 of the Depths
 57809 | Depths:1 | Found Yqih's Magic Scroll Shoppe.
 57844 | Depths:1 | Found Behe's Antique Armour Emporium.
 57844 | Depths:1 | Found Taunepim's Book Shoppe.
 57898 | Depths:1 | Reached XP level 23. HP: 62/134 MP: 37/37
 57903 | Depths:1 | Found Mighiud's Assorted Antiques.
 57905 | Depths:1 | Bought a scroll of brand weapon for 152 gold pieces
 57943 | Depths:1 | Found a one-way gate to the infinite horrors of the Abyss.
 57948 | Depths:1 | Bought a pair of runed boots for 292 gold pieces
 58048 | Depths:1 | Found Simir's Distillery.
 58135 | Depths:1 | Found Zajo's Fire Supplies.
 58849 | Depths:1 | Found a gateway to Hell.
 59081 | Depths:1 | Identified the amulet "Exualay" {Acrobat Will+ Int+4}
 59250 | Depths:2 | Reached skill level 7 in Translocations
 59265 | Depths:2 | Identified the +3 arbalest of Midsummer {heavy, *Corrode
                  | Will+ Dex+7}
 59284 | Depths:2 | Found a one-way gate leading to the halls of Pandemonium.
 59310 | Depths:2 | Reached skill level 16 in Armour
 59658 | Depths:2 | Found Daontur's Assorted Antiques.
 59784 | Depths:2 | Reached skill level 19 in Fighting
 60376 | Depths:3 | Found a glowing golden altar of the Shining One.
 60753 | Depths:3 | Noticed a caustic shrike
 60761 | Depths:3 | Killed a caustic shrike
 60762 | Depths:3 | Reached skill level 8 in Translocations
 60762 | Depths:3 | Reached skill level 19 in Invocations
 60768 | Depths:3 | Noticed a caustic shrike
 60774 | Depths:3 | Noticed a caustic shrike
 60787 | Depths:2 | Killed a caustic shrike
 60827 | Depths:2 | Killed a caustic shrike
 60890 | Depths:3 | Reached skill level 11 in Throwing
 60891 | Depths:3 | Noticed a caustic shrike
 60968 | Depths:3 | Noticed a caustic shrike
 60969 | Depths:3 | Killed a caustic shrike
 61000 | Depths:2 | Killed a caustic shrike
 61034 | Depths:3 | Noticed Mara
 61048 | Depths:3 | Killed Mara
 61066 | Depths:3 | Reached XP level 24. HP: 108/140 MP: 37/37
 61308 | Depths:3 | Reached skill level 17 in Armour
 61584 | Depths:3 | Found a white marble altar of Elyvilon.
 62133 | Depths:4 | Entered Level 4 of the Depths
 62140 | Depths:4 | Noticed Saint Roka
 62145 | Depths:4 | Noticed Frederick
 62163 | Depths:4 | Killed Saint Roka
 62165 | Depths:4 | Killed Frederick
 62735 | Depths:4 | Reached skill level 12 in Throwing
 63128 | Depths:4 | Found a one-way gateway to a ziggurat.
 63147 | Depths:4 | Identified the ring of Attitude {Ice Str+8}
 63147 | Depths:4 | Noticed Josephina
 63191 | Depths:4 | Killed Josephina
 63228 | Depths:4 | Found a runed translucent gate.
 63229 | Depths:4 | Found a runed translucent gate.
 63230 | Depths:4 | Found a runed translucent gate.
 63279 | Depths:4 | Identified the +8 great sword of Mourning {pain, Will++}
 63677 | Depths:4 | Reached skill level 18 in Armour
 63796 | Depths:4 | Noticed jimonade's ghost (adept DjIE)
 64139 | Depths:4 | Reached skill level 20 in Fighting
 64200 | Depths:4 | Reached XP level 25. HP: 147/147 MP: 37/37
 64260 | Depths:4 | Reached skill level 20 in Invocations
 64325 | Depths:4 | Found the +8 storm bow {elec, penet}
 64371 | Depths:4 | Found a gate to the Realm of Zot.
 64856 | Slime:1  | Entered Level 1 of the Pits of Slime
 65705 | Slime:2  | Reached skill level 2 in Transmutations
 66998 | Slime:5  | Entered Level 5 of the Pits of Slime
 67024 | Slime:5  | Gained mutation: Your body sometimes deteriorates upon
                  | taking damage. [a shining eye]
 67154 | Slime:5  | Reached skill level 3 in Transmutations
 67187 | Slime:5  | Reached skill level 13 in Throwing
 67188 | Slime:5  | Noticed the Royal Jelly
 67190 | Slime:5  | Found a viscous altar of Jiyva.
 67191 | Slime:5  | Killed the Royal Jelly
 67674 | Slime:5  | Got a slimy rune of Zot
 67688 | Slime:5  | Identified the +4 long sword "Qyfiokhlo" {chaos, rN++ Str+2
                  | Stlth+}
 67700 | Slime:5  | Identified the +1 leather armour of the Tick {Str+6}
 67720 | Slime:5  | Identified the amulet of Hizeesa {Reflect rElec rF- Dex+3
                  | SH+5 Stlth+}
 67784 | Slime:5  | Identified the ring of Xom's Passing Interest {rF+ rC+++
                  | rCorr Int-2 Dex-3}
 68108 | Slime:5  | Reached skill level 4 in Transmutations
 68144 | Slime:5  | Reached skill level 15 in Stealth
 68831 | Crypt:1  | Entered Level 1 of the Crypt
 68987 | Crypt:1  | Noticed a curse skull
 68997 | Crypt:1  | Killed a curse skull
 69156 | Crypt:1  | Reached skill level 19 in Armour
 69340 | Crypt:1  | Noticed Grunn
 69353 | Crypt:1  | Killed Grunn
 69698 | Crypt:1  | Noticed a curse skull
 69711 | Crypt:1  | Killed a curse skull
 69751 | Crypt:1  | Noticed a curse skull
 69771 | Crypt:1  | Killed a curse skull
 69801 | Crypt:1  | Reached skill level 15 in Short Blades
 69825 | Crypt:1  | Reached skill level 5 in Transmutations
 70118 | Crypt:2  | Reached XP level 26. HP: 152/152 MP: 38/38
 70306 | Crypt:2  | Acquired the +2 kite shield of the Wicked Falcon {Rampage
                  | Int+2}
 70490 | Crypt:2  | Noticed Boris
 70502 | Crypt:2  | Killed Boris
 70684 | Crypt:3  | Entered Level 3 of the Crypt
 70809 | Crypt:3  | Found a staircase to the Tomb.
 71230 | Crypt:3  | Noticed Vv
 71248 | Crypt:3  | Killed Vv
 71417 | Crypt:3  | Reached skill level 6 in Transmutations
 71683 | Crypt:3  | Reached skill level 16 in Stealth
 71755 | Crypt:3  | Noticed a curse toe
 71770 | Crypt:3  | Killed a curse toe
 71868 | Crypt:3  | Identified the staff of earth "Zacask" {+Blink rPois Dex-4
                  | Stlth+}
 72011 | Crypt:3  | Reached skill level 10 in Evocations
 72401 | Crypt:3  | Identified a scarf of resistance
 72456 | Crypt:3  | Noticed an ancient lich
 72473 | Crypt:3  | Killed an ancient lich
 72756 | Vaults:4 | a titan changed into a juggernaut
 72756 | Vaults:4 | Noticed a juggernaut (glowing shapeshifter)
 72770 | Vaults:4 | a juggernaut changed into a shard shrike
 72770 | Vaults:4 | Noticed a shard shrike (glowing shapeshifter)
 72777 | Vaults:4 | a shard shrike changed into a juggernaut
 72777 | Vaults:4 | Noticed a juggernaut (glowing shapeshifter)
 72780 | Vaults:4 | a juggernaut changed into a shard shrike
 72780 | Vaults:4 | Noticed a shard shrike (glowing shapeshifter)
 72785 | Vaults:4 | a shard shrike changed into a juggernaut
 72785 | Vaults:4 | Noticed a juggernaut (glowing shapeshifter)
 72786 | Vaults:4 | a juggernaut changed into a rockslime
 72787 | Vaults:4 | a rockslime changed into a juggernaut
 72787 | Vaults:4 | Noticed a juggernaut (glowing shapeshifter)
 72791 | Vaults:4 | a juggernaut changed into a titan
 72792 | Vaults:4 | a titan changed into a juggernaut
 72792 | Vaults:4 | Noticed a juggernaut (glowing shapeshifter)
 72797 | Vaults:4 | a juggernaut changed into a titan
 72813 | Vaults:4 | a titan changed into a shard shrike
 72813 | Vaults:4 | Noticed a shard shrike (glowing shapeshifter)
 72819 | Vaults:4 | Killed a shard shrike
 72880 | Vaults:4 | Killed Yptir's ghost
 73365 | Depths:4 | Reached skill level 14 in Throwing
 73393 | Depths:4 | Reached skill level 16 in Short Blades
 73402 | Depths:4 | Killed jimonade's ghost
 73531 | Depths:3 | Voluntarily entered the Abyss.
 73976 | Abyss:1  | Reached skill level 7 in Transmutations
 74013 | Abyss:1  | Reached skill level 1 in Air Magic
 74141 | Abyss:1  | Found a corrupted altar of Lugonu.
 74345 | Abyss:2  | Found a corrupted altar of Lugonu.
 74711 | Abyss:2  | Reached skill level 20 in Armour
 74746 | Abyss:2  | Reached skill level 2 in Air Magic
 74890 | Abyss:2  | Reached XP level 27. HP: 152/156 MP: 37/38
 75165 | Abyss:2  | Reached skill level 17 in Stealth
 75230 | Abyss:2  | Reached skill level 3 in Air Magic
 75828 | Abyss:2  | Reached skill level 8 in Transmutations
 75880 | Abyss:2  | Reached skill level 4 in Air Magic
 75920 | Abyss:2  | Reached skill level 11 in Evocations
 76277 | Abyss:2  | Reached skill level 17 in Short Blades
 76397 | Abyss:2  | Reached skill level 5 in Air Magic
 76772 | Depths:3 | You pass through the gate.
 76772 | Depths:3 | Escaped the Abyss
 76902 | Depths:3 | Voluntarily entered the Abyss.
 76928 | Abyss:2  | Found a corrupted altar of Lugonu.
 76934 | Abyss:2  | Found a corrupted altar of Lugonu.
 77328 | Abyss:2  | Reached skill level 6 in Air Magic
 77658 | Abyss:2  | Found a corrupted altar of Lugonu.
 77659 | Abyss:2  | Found a corrupted altar of Lugonu.
 77659 | Abyss:2  | Found a corrupted altar of Lugonu.
 77675 | Abyss:2  | Found a corrupted altar of Lugonu.
 77911 | Abyss:2  | Found a corrupted altar of Lugonu.
 77966 | Abyss:2  | Reached skill level 7 in Air Magic
 78121 | Abyss:2  | Reached skill level 18 in Stealth
 78168 | Abyss:2  | Found a corrupted altar of Lugonu.
 78199 | Abyss:2  | Found a corrupted altar of Lugonu.
 78214 | Abyss:2  | Reached skill level 15 in Throwing
 78345 | Abyss:2  | Found a corrupted altar of Lugonu.
 78729 | Abyss:2  | Reached skill level 9 in Translocations
 78800 | Abyss:2  | Reached skill level 8 in Air Magic
 78959 | Abyss:2  | Noticed an ancient lich
 78969 | Abyss:2  | Killed an ancient lich
 79061 | Abyss:2  | Reached skill level 18 in Short Blades
 79198 | Abyss:2  | Reached skill level 12 in Evocations
 79223 | Abyss:2  | Found a corrupted altar of Lugonu.
 79224 | Abyss:2  | Found a corrupted altar of Lugonu.
 79224 | Abyss:2  | Found a corrupted altar of Lugonu.
 79311 | Abyss:2  | Reached skill level 9 in Air Magic
 79711 | Abyss:4  | Found a corrupted altar of Lugonu.
 79776 | Abyss:4  | Found a corrupted altar of Lugonu.
 79998 | Abyss:4  | Found a shimmering blue altar of Sif Muna.
 80001 | Abyss:4  | Got an abyssal rune of Zot
 80032 | Abyss:4  | Found a shimmering blue altar of Sif Muna.
 80086 | Abyss:4  | Reached skill level 10 in Air Magic
 80096 | Depths:3 | You pass through the gate.
 80096 | Depths:3 | Escaped the Abyss
 80417 | Zot:1    | Entered Level 1 of the Realm of Zot
 80426 | Zot:1    | Reached skill level 6 in Shields
 80474 | Zot:1    | Reached skill level 10 in Translocations
 80833 | Zot:1    | Noticed an electric golem
 80862 | Zot:1    | Killed an electric golem
 80864 | Zot:1    | Noticed a curse toe
 80867 | Zot:1    | Killed a curse toe
 80882 | Zot:1    | Reached skill level 11 in Air Magic
 80987 | Zot:1    | Noticed Parghit
 81005 | Zot:1    | Killed Parghit
 81079 | Zot:1    | Found a transporter.
 81083 | Zot:1    | Found a transporter.
 81104 | Zot:1    | Found a transporter.
 81134 | Zot:1    | Found a transporter.
 81868 | Zot:2    | Reached skill level 11 in Dodging
 81868 | Zot:2    | Reached skill level 7 in Shields
 82111 | Zot:2    | Reached skill level 16 in Throwing
 82148 | Zot:2    | Noticed an electric golem
 82149 | Zot:2    | Noticed an electric golem
 82150 | Zot:2    | Noticed an electric golem
 82150 | Zot:2    | Noticed an electric golem
 82153 | Zot:2    | Killed an electric golem
 82170 | Zot:2    | Killed an electric golem
 82174 | Zot:2    | Killed an electric golem
 82199 | Zot:2    | Killed an electric golem
 82532 | Zot:3    | Reached skill level 11 in Translocations
 82614 | Zot:3    | Found a transporter.
 82614 | Zot:3    | Noticed an orb of fire
 82619 | Zot:3    | Gained mutation: You are weak. (Str -2) [an orb of fire]
 82633 | Zot:3    | Gained mutation: You occasionally shout uncontrollably at
                  | your foes. [an orb of fire]
 82649 | Zot:3    | Killed an orb of fire
 82665 | Zot:3    | Found a transporter.
 82667 | Zot:3    | Found a transporter.
 82667 | Zot:3    | Found a transporter.
 82817 | Zot:3    | Found a transporter.
 82865 | Zot:3    | Noticed Qaniympis's ghost (veteran DgEE)
 82868 | Zot:3    | Found a transporter.
 83059 | Zot:3    | Noticed a curse toe
 83073 | Zot:3    | Killed a curse toe
 83535 | D:15     | Gained mutation: You are clumsy. (Dex -2) [mutagenic glow]
 83607 | D:15     | Lost mutation: You are clumsy. (Dex -2) [potion of
                  | mutation]
 83607 | D:15     | Lost mutation: You occasionally shout uncontrollably at
                  | your foes. [potion of mutation]
 83607 | D:15     | Lost mutation: Your body sometimes deteriorates upon taking
                  | damage. [potion of mutation]
 83607 | D:15     | Gained mutation: Your flesh is cold resistant. (rC+)
                  | [potion of mutation]
 83607 | D:15     | Gained mutation: You have large cloven feet. [potion of
                  | mutation]
 83863 | Snake:3  | Bought a +6 ring of strength for 504 gold pieces
 84296 | Zot:4    | Noticed a curse toe
 84302 | Zot:4    | Killed a curse toe
 84303 | Zot:4    | Reached skill level 12 in Air Magic
 84318 | Zot:4    | Reached skill level 8 in Shields
 84331 | Zot:4    | Reached skill level 12 in Dodging
 85028 | Zot:5    | Entered Level 5 of the Realm of Zot
 85625 | Zot:3    | Killed Qaniympis's ghost
 85661 | Zot:3    | Identified the +1 helmet of the First Snow {MP+9}
 86114 | Vaults:5 | Entered Level 5 of the Vaults
 86114 | Vaults:5 | Noticed a dread lich
 86132 | Vaults:5 | Reached skill level 12 in Translocations
 86132 | Vaults:5 | Killed a dread lich
 86167 | Vaults:5 | Reached skill level 9 in Shields
 86172 | Vaults:5 | Noticed an ancient lich
 86189 | Vaults:5 | Reached skill level 13 in Dodging
 86229 | Vaults:5 | Killed an ancient lich
 86410 | Vaults:5 | Found Emyusch's Distillery.
 86418 | Vaults:5 | Bought a potion of mutation for 80 gold pieces
 86418 | Vaults:5 | Bought a potion of mutation for 80 gold pieces
 86418 | Vaults:5 | Bought a potion of haste for 100 gold pieces
 86418 | Vaults:5 | Bought a potion of might for 40 gold pieces
 86418 | Vaults:5 | Bought a potion of might for 40 gold pieces
 86446 | Vaults:5 | Identified the ring "Gyesch" {Ice Will+ Stlth+}
 86567 | Vaults:5 | Got a silver rune of Zot
 86634 | Vaults:5 | Noticed a dread lich
 86646 | Vaults:5 | Killed a dread lich
 86807 | Vaults:5 | Identified the ring of Ritit {+Blink rElec AC+4 Str+4}
 86966 | Vaults:5 | Found Xyjoikay's Armour Emporium.
 86972 | Vaults:5 | Identified the +4 plate armour of the Lizard {Harm *Corrode
                  | rPois rF++}
 86972 | Vaults:5 | Identified the +7 long sword of Discomfort {flame, rF+ rC+}
 86973 | Vaults:5 | Identified the +0 chain mail of the Purple Skies {rElec rF+
                  | Dex-4 Stlth+}
 87067 | Vaults:5 | Noticed a dread lich
 87077 | Vaults:5 | Killed a dread lich
 87113 | Vaults:5 | Reached skill level 14 in Dodging
 87147 | Vaults:5 | Noticed a dread lich
 87163 | Vaults:5 | Killed a dread lich
 87164 | Vaults:5 | Reached skill level 10 in Shields
 87238 | Vaults:5 | Identified a +1 robe of resistance
 87630 | Vaults:5 | Identified the +8 chain mail of Repulsion {Slay+3}
 87766 | Vaults:5 | Identified the +0 dagger of Wetz {flame, rCorr Dex+3 SInv}
 88322 | Vaults:4 | Bought a distressingly furry plate armour for 924 gold
                  | pieces
 88322 | Vaults:4 | Identified the +8 plate armour of Favoehokh {*Slow rElec
                  | rF+} (You bought it in a shop on level 4 of the Vaults)
 89258 | Zot:5    | Noticed a dread lich
 89261 | Zot:5    | Noticed a dread lich
 89269 | Zot:5    | Killed a dread lich
 89269 | Zot:5    | Killed a dread lich
 89270 | Zot:5    | Reached skill level 21 in Invocations
 89272 | Zot:5    | Noticed an electric golem
 89278 | Zot:5    | Noticed an orb of fire
 89283 | Zot:5    | Killed an orb of fire
 89305 | Zot:5    | Killed an electric golem
 89325 | Zot:5    | Noticed an orb of fire
 89372 | Zot:5    | Killed an orb of fire
 89405 | Zot:5    | Noticed an orb of fire
 89432 | Zot:5    | Killed an orb of fire
 89480 | Zot:5    | Noticed an orb of fire
 89488 | Zot:5    | Gained mutation: You are robust. (+10% HP) [an orb of fire]
 89490 | Zot:5    | Gained mutation: You occasionally shout uncontrollably at
                  | your foes. [an orb of fire]
 89499 | Zot:5    | Killed an orb of fire
 89521 | Zot:5    | Reached skill level 21 in Fighting
 89621 | Zot:5    | Noticed an ancient lich
 89624 | Zot:5    | Killed an ancient lich
 89625 | Zot:5    | Reached skill level 9 in Transmutations
 89695 | Zot:5    | Reached skill level 15 in Dodging
 89753 | Zot:5    | Noticed an electric golem
 89779 | Zot:5    | Killed an electric golem
 89792 | Zot:5    | Noticed an orb of fire
 89793 | Zot:5    | Killed an orb of fire
 89793 | Zot:5    | Noticed an orb of fire
 89793 | Zot:5    | Noticed an ancient lich
 89803 | Zot:5    | Noticed an orb of fire
 89811 | Zot:5    | Killed an orb of fire
 89812 | Zot:5    | Reached skill level 11 in Shields
 89812 | Zot:5    | Killed an orb of fire
 89812 | Zot:5    | Killed an ancient lich
 89940 | Zot:5    | Reached skill level 21 in Armour
 90517 | D:15     | Upgraded the game from 0.30-a0-1094-g860fb061e7 to
                  | 0.30-a0-1103-g25895a7845
 92401 | Zig:1    | Entered Level 1 of a ziggurat
 92425 | Zig:2    | Entered Level 2 of a ziggurat
 92532 | Zig:2    | Identified the +6 trident "Zitecole" {heavy, *Corrode rElec
                  | rN++}
 92539 | Zig:3    | Entered Level 3 of a ziggurat
 92613 | Zig:3    | Identified the +6 mace "Meh Syr" {pain, *Noise rElec rN+++
                  | Str-5}
 92631 | Zig:4    | Entered Level 4 of a ziggurat
 92683 | Zig:5    | Entered Level 5 of a ziggurat
 92689 | Zig:5    | Noticed a dread lich
 92709 | Zig:5    | Killed a dread lich
 92746 | Zig:6    | Entered Level 6 of a ziggurat
 92797 | Zig:7    | Entered Level 7 of a ziggurat
 92806 | Zig:7    | Found the +10 zealot's sword {holy, Zealotry, *Rage rN+
                  | EV+3}
 92815 | Zig:7    | Reached skill level 10 in Transmutations
 92838 | Zig:7    | Identified a +0 crystal plate armour
 92872 | Zig:8    | Entered Level 8 of a ziggurat
 92879 | Zig:8    | Noticed Qiofil the pandemonium lord
 92883 | Zig:8    | Killed Qiofil the pandemonium lord
 92928 | Zig:8    | Identified the +7 hand axe "Irurph" {freeze, Will+ SInv}
 92957 | Zig:9    | Entered Level 9 of a ziggurat
 92962 | Zig:9    | Noticed Maetaib the pandemonium lord
 92964 | Zig:9    | Identified the ring of Heuck {rPois rF+ rN+ Str+4 Dex+3
                  | Slay-6}
 92968 | Zig:10   | Entered Level 10 of a ziggurat
 93074 | Zig:10   | Noticed a juggernaut
 93074 | Zig:10   | Found the +10 morningstar "Eos" {elec, Halo rElec}
 93080 | Zig:10   | Noticed a juggernaut
 93090 | Zig:10   | Killed a juggernaut
 93091 | Zig:10   | Killed a juggernaut
 93108 | Zig:10   | Reached skill level 16 in Dodging
 93146 | Zig:10   | Identified the ring "Zogeuczu" {Drain rElec Will+ Str+4
                  | Dex+6}
 93183 | Zig:11   | Entered Level 11 of a ziggurat
 93198 | Zig:11   | Noticed Ativ the pandemonium lord
 93208 | Zig:11   | HP: 16/176 [Hell Sentinel/damnation (23)]
 93210 | Zig:11   | Killed from afar by Ativ the pandemonium lord

Vanquished Creatures
  the Royal Jelly (Slime:5)
  A pandemonium lord (Zig:8)
  7 dread liches (Vaults:5 Zot:5 Zig:5)
  5 ancient liches (Crypt:3 Abyss:2 Vaults:5 Zot:5)
  8 orbs of fire (Zot:3 Zot:5)
  Mara (Depths:3)
  2 juggernauts (Zig:10)
  Josephina (Depths:4)
  Boris (Crypt:2)
  Margery (Vaults:3)
  4 Killer Klowns (Zot:5)
  Vv (Crypt:3)
  A shard shrike (shapeshifter) (Vaults:4)
  Parghit (Zot:1)
  Saint Roka (Depths:4)
  5 caustic shrikes (Depths:3 Depths:2)
  Frederick (Depths:4)
  The ghost of Qaniympis the Stormcaller, a veteran DgEE (Zot:3)
  The ghost of Yptir the Protected, an adept AtFE of Vehumet (Vaults:4)
  4 curse toes (Crypt:3 Zot:1 Zot:3 Zot:4)
  2 profane servitors (Abyss:2)
  9 golden dragons (Depths:3 Depths:4 Zot:2 Zot:3 Zot:4)
  11 bone dragons (Abyss:1 Abyss:2)
  7 electric golems (Zot:1 Zot:2 Zot:5)
  3 doom hounds (Crypt:1)
  A hellephant (Abyss:2)
  25 Orb Guardians (Zot:5)
  Zenata (Vaults:1)
  16 tentacled monstrosities (Depths:4 Zot:1 Zot:2 Zot:3 Zot:4)
  8 liches (Vaults:1 Depths:4 Crypt:3 Abyss:1)
  6 titans (Vaults:5 Zig:10)
  Asterion (Elf:2)
  5 quicksilver dragons (Depths:2 Depths:4 Zot:1 Zot:2 Zot:3)
  The ghost of jimonade the Sorcerer, an adept DjIE of Ashenzari (Depths:4)
  A walking divine tome (Depths:4)
  15 acid blobs (Slime:1 Slime:2 Slime:3 Slime:4 Slime:5)
  Grunn (Crypt:1)
  2 deep elf blademasters (Elf:2 Elf:3)
  A deep elf master archer (Elf:3)
  An eldritch tentacle (WizLab)
  3 Executioners (Abyss:2)
  11 ancient champions (Crypt:1 Crypt:2 Crypt:3)
  13 death cobs (Zot:1 Zot:2 Zot:3 Zot:4 Zot:5)
  11 sphinxes (Shoals:4 Vaults:4 Depths:1 Depths:2 Depths:3)
  Kirke (Shoals:2)
  12 storm dragons (Depths:3 Zot:1 Zot:3 Vaults:5 Zot:5)
  12 tengu reavers (Vaults:1 Vaults:4 Depths:2 Depths:3 Depths:4)
  25 tentacled starspawn (WizLab Abyss:1 Abyss:2 Abyss:4)
  16 azure jellies (Slime:1 Slime:2 Slime:5 Zig:1 Zig:6)
  13 shadow dragons (Depths:4 Depths:3 Vaults:4 Abyss:2 Zot:1)
  8 nagarajas (Snake:2 Snake:3 Snake:4)
  13 rockslimes (Slime:1 Slime:4 Slime:5 Zig:6)
  5 revenants (Crypt:2 Crypt:3 Abyss:2)
  A demonspawn warmonger (Zig:8)
  16 frost giants (Vaults:2 Depths:1 Depths:2 Depths:3 Vaults:5)
  20 fire giants (Depths:1 Depths:2 Depths:3 Depths:4 Vaults:5)
  12 draconian monks (Depths:4 Zot:1 Zot:4 Zot:5)
  4 draconian knights (Zot:2 Zot:5)
  6 deep elf sorcerers (Elf:1 Elf:3 Abyss:2 Abyss:4)
  2 daevas (Abyss:2)
  22 vault wardens (Vaults:1 Vaults:2 Vaults:3 Vaults:4 Vaults:5)
  2 iron dragons (Depths:3)
  A ghost moth (shapeshifter) (Abyss:4)
  A caustic shrike zombie (Crypt:1)
  2 ghost moths (Zot:4 Zot:3)
  3 curse skulls (Crypt:1)
  A balrug (Depths:4)
  15 draconian scorchers (Abyss:2 Zot:1 Zot:2 Zot:3 Zot:5)
  5 draconian shifters (Zot:1 Zot:3 Zot:4 Zot:5)
  Louise (Snake:1)
  8 draconian stormcallers (Depths:4 Zot:1 Zot:3 Zot:5)
  4 orc warlords (Elf:1 Vaults:3 Vaults:4)
  A cacodemon (Abyss:2)
  7 deep elf elementalists (Elf:2 Orc:1 Elf:3)
  24 ironbound preservers (Vaults:1 Vaults:2 Vaults:3 Vaults:4 Vaults:5)
  A demonspawn blood saint (Zig:8)
  A demonspawn corrupter (Zig:8)
  7 ghouls (Crypt:1 Crypt:2 Crypt:3)
  8 quicksilver oozes (Slime:4 Slime:5 Zig:6)
  6 caustic shrike skeletons (Crypt:1 Crypt:3)
  10 draconian annihilators (Depths:4 Zot:1 Zot:2 Zot:4 Zot:5)
  The ghost of Qook the Warrior, a journeyman MiBe of Trog (Lair:4)
  4 war gargoyles (Vaults:2 Vaults:3)
  14 stone giants (Depths:1 Depths:2 Depths:3 Vaults:5)
  20 very ugly things (Vaults:3 Depths:2 Depths:3 Depths:4 Abyss:1)
  A reaper (Abyss:2)
  19 green draconians (Depths:4 Zot:1 Zot:2 Zot:3 Zot:4)
  4 vampire knights (Depths:4 Crypt:1 Crypt:2)
  9 deep elf demonologists (Elf:1 Orc:1 Elf:3 Vaults:5)
  9 ironbound thunderhulks (Vaults:1 Vaults:2 Vaults:3 Vaults:4)
  15 white draconians (Depths:4 Abyss:2 Zot:1 Zot:3 Zot:4)
  19 black draconians (Depths:4 Zot:1 Zot:2 Zot:3 Zot:4)
  6 deep elf annihilators (Elf:1 Orc:1 Elf:3)
  A wendigo (Zig:3)
  15 red draconians (Depths:4 Zot:1 Zot:3 Zot:4 Zot:5)
  A minotaur (shapeshifter) (Vaults:5)
  17 dire elephants (Vaults:1 Vaults:2 Vaults:3 Vaults:4)
  4 lorocyprocas (Abyss:1 Abyss:2)
  A demonspawn black sun (Zig:8)
  5 spark wasps (Depths:3 Depths:4)
  22 purple draconians (Depths:4 Abyss:2 Zot:1 Zot:3 Zot:4)
  8 deep elf death magi (Elf:3 Crypt:2 Crypt:3 Vaults:5)
  9 yellow draconians (WizLab Zot:2 Zot:3 Zot:5)
  2 minotaurs (Gauntlet Shoals:4)
  30 starcursed masses (Abyss:2 Abyss:4)
  10 ettins (Orc:1 Vaults:3 Vaults:4 Depths:4 Vaults:5)
  4 blizzard demons (Abyss:2 Zig:8)
  7 merfolk impalers (Shoals:1 Shoals:2 Shoals:4 Depths:4 Zig:4)
  5 crystal guardians (Vaults:2 Abyss:3 Abyss:4)
  3 eidola (WizLab Crypt:3)
  Snorg (Orc:2)
  3 merfolk javelineers (Shoals:2 Depths:4 Shoals:3)
  3 green deaths (Abyss:2 Zig:8)
  9 fire dragons (Depths:1 Depths:3 Depths:4 Zig:7)
  An ettin (shapeshifter) (Vaults:5)
  3 jiangshi (Crypt:1 Crypt:3)
  25 yaktaur captains (Vaults:1 Vaults:2 Vaults:3 Vaults:4 Vaults:5)
  A great orb of eyes (shapeshifter) (Abyss:4)
  A quicksilver dragon skeleton (Crypt:3)
  7 deep elf high priests (Elf:3 Vaults:5)
  2 entropy weavers (Vaults:2 Vaults:4)
  17 great orbs of eyes (Vaults:1 Vaults:3 Vaults:4 Slime:3 Slime:5)
  The ghost of HilariousDeathArtist the Fencer, a journeyman TeGl of Kikubaaqudgha (Lair:2)
  4 hydras (Lair:3 Lair:5 D:14 D:15)
  3 peacekeepers (Vaults:2 Vaults:3)
  6 rakshasas (Depths:2 Abyss:1 Abyss:2)
  36 vault guards (D:13 Vaults:1 Vaults:4 Vaults:5)
  A caustic shrike simulacrum (Depths:4)
  2 alligator snapping turtles (Shoals:4)
  5 spriggan air magi (Depths:2 Depths:3 Depths:4)
  A radroach (shapeshifter) (Vaults:5)
  7 ironbound frosthearts (Vaults:1 Vaults:2 Vaults:3 Vaults:4 Vaults:5)
  5 merfolk avatars (Shoals:1 Shoals:3 Shoals:4)
  A fenstrider witch skeleton (Crypt:3)
  13 satyrs (Shoals:4 Shoals:3)
  8 ice dragons (Depths:2 Depths:3 Depths:4 Zig:7)
  4 salamander tyrants (Snake:2 Snake:3 Snake:4)
  8 anacondas (Snake:2 Snake:3 Snake:4)
  3 spriggan skeletons (Crypt:3)
  10 centaur warriors (D:13 D:14 D:15 Vaults:3)
  28 dancing weapons (Elf:1 Elf:2 Elf:3)
  9 ogre magi (Orc:2 D:15 Vaults:2 Vaults:5)
  A death knight (Crypt:1)
  3 catoblepae (Lair:5)
  27 two-headed ogres (D:11 D:12 Orc:1 Orc:2 D:15)
  3 boulder beetles (D:15 Vaults:2)
  An azure jelly zombie (Crypt:2)
  4 merfolk aquamancers (Shoals:1 Shoals:3 Shoals:4 Zig:4)
  9 naga warriors (Snake:2 Snake:3 Snake:4)
  14 deep troll shamans (Depths:1 Depths:2 Depths:3)
  17 deep troll earth magi (Depths:1 Depths:3 Depths:4 Vaults:5)
  9 naga sharpshooters (Snake:2 Snake:3 Snake:4)
  3 vampire magi (Depths:2 Crypt:1 Crypt:3)
  12 death yaks (Lair:5)
  A hell hog (Abyss:2)
  4 orc high priests (Orc:1 Orc:2 Elf:1)
  A shock serpent (shapeshifter) (Zig:5)
  6 tengu warriors (D:14 Depths:1)
  36 thrashing horrors (WizLab Abyss:2 Abyss:3 Abyss:4)
  A titan zombie (Abyss:2)
  6 spriggan berserkers (Depths:1 Depths:2 Depths:3 Depths:4)
  7 shock serpents (Snake:1 Snake:2)
  19 hell knights (Vaults:3 Depths:3 Depths:4 Vaults:5)
  20 deep elf knights (Elf:1 Elf:2 Elf:3)
  2 soul eaters (WizLab Crypt:3)
  5 spriggans (Lair:4 Lair:3 Depths:3 Depths:4)
  3 titan skeletons (Crypt:3)
  2 emperor scorpion zombies (Crypt:2 Crypt:3)
  3 sun demons (WizLab Depths:4 Abyss:2)
  4 shadow wraiths (Crypt:2 Abyss:2 Depths:3 Vaults:5)
  8 sixfirhies (Abyss:1 Abyss:2)
  19 wretched stars (Abyss:2 Abyss:4)
  14 iron trolls (D:13 Depths:1 Depths:3)
  3 skysharks (Lair:2 Shoals:2 Shoals:3)
  3 spatial maelstroms (Abyss:2 Abyss:4)
  6 salamander mystics (Snake:2 Snake:3 Snake:4)
  6 death drakes (WizLab Depths:4 Abyss:2)
  7 glowing orange brains (Vaults:2 Depths:2 Depths:4 Slime:5 Abyss:2)
  3 flayed ghosts (Depths:3 Crypt:1)
  An anaconda zombie (Crypt:1)
  2 bunyip skeletons (Crypt:3)
  2 storm dragon skeletons (Depths:1 Abyss:2)
  23 skeletal warriors (Crypt:1 Crypt:3)
  2 orange crystal statues (Depths:1 Zig:2)
  A death drake (shapeshifter) (Abyss:2)
  85 deep trolls (Vaults:1 Vaults:2 Vaults:3 Vaults:4 Depths:1)
  15 sea snakes (Shoals:1 Shoals:3 Shoals:4 Zig:4)
  19 orc knights (Bailey Orc:1 Elf:1 Vaults:3 Vaults:4)
  A spriggan simulacrum (Crypt:1)
  A steelbarb worm (shapeshifter) (Depths:2)
  14 wizards (D:15 Elf:1 Vaults:2 WizLab Vaults:3)
  15 harpies (Shoals:4 Vaults:1)
  2 anaconda skeletons (Crypt:3)
  12 deep elf archers (Elf:1 Elf:2 Elf:3)
  15 ironbound convokers (Vaults:1 Vaults:2 Vaults:3 Vaults:4 Vaults:5)
  3 naga ritualists (Snake:2 Snake:3 Snake:4)
  11 phantasmal warriors (Vaults:2 Vaults:4 Crypt:1 Crypt:2 Crypt:3)
  5 obsidian statues (WizLab Vaults:4 Zig:2)
  12 lindwurms (Vaults:1 Vaults:2 Vaults:3 Vaults:4)
  A harpy (shapeshifter) (Abyss:4)
  38 deep elf pyromancers (D:12 D:13 D:14 Elf:1 Elf:2)
  2 bog bodies (Crypt:3)
  3 orc sorcerers (Orc:1 Orc:2 D:15)
  21 deep elf zephyrmancers (Elf:2 Elf:1 Orc:1 Elf:3)
  4 shining eyes (Slime:4 Slime:5 Abyss:2)
  10 necromancers (D:15 Vaults:2 Vaults:4 Depths:1 Depths:3)
  A sphinx skeleton (Crypt:2)
  9 mana vipers (Snake:1 Snake:2 Snake:3 Snake:4)
  A stone giant zombie (Vaults:4)
  A tengu skeleton (Vaults:4)
  28 ugly things (D:13 D:15 Vaults:2 WizLab Vaults:4)
  A will-o-the-wisp (Abyss:1)
  18 salamanders (Snake:1 Snake:2 Snake:3 Snake:4)
  2 cyclopes (D:14 Shoals:4)
  12 worldbinders (WizLab Abyss:1 Abyss:2)
  A moth of wrath (shapeshifter) (Depths:2)
  27 moths of wrath (Orc:1 Zot:1 Zot:2 Zot:3 Zot:4)
  4 dire elephant zombies (Crypt:1 Abyss:1 Abyss:2)
  9 fauns (Shoals:4 Shoals:3)
  6 merfolk sirens (Lair:2 Shoals:1 Shoals:2 Shoals:3)
  28 elephants (Lair:1 Lair:2 Lair:3 Lair:4)
  A shock serpent zombie (Crypt:3)
  27 black mambas (Lair:1 Lair:2 Lair:3 Lair:4 Snake:1)
  A rust devil (Abyss:2)
  17 manticores (Lair:5 D:14 Shoals:1 Shoals:3 Shoals:4)
  3 stone giant skeletons (Vaults:4 Crypt:1 Crypt:3)
  2 centaur zombies (D:15)
  3 human skeletons (Vaults:4 Crypt:1)
  16 naga magi (D:15 Snake:1 Snake:2 Snake:3 Snake:4)
  Maurice (Orc:1)
  An alligator snapping turtle zombie (Crypt:1)
  6 apocalypse crabs (WizLab Abyss:2)
  3 guardian serpents (shapeshifter) (Vaults:4 Abyss:4)
  2 eyes of devastation (Slime:1 Slime:4)
  21 smoke demons (WizLab Depths:4 Abyss:1 Abyss:2 Depths:3)
  3 gargoyles (D:12 D:14)
  An elf zombie (Vaults:4)
  16 vault sentinels (Vaults:1 Vaults:2 Vaults:3 Vaults:5)
  3 guardian serpents (Snake:4 Abyss:2)
  3 hellions (Abyss:2 Abyss:4)
  4 water nymphs (Shoals:1 Shoals:2 Shoals:3)
  11 unseen horrors (D:11 WizLab Abyss:2 Abyss:4)
  A spark wasp simulacrum (Depths:1)
  A naga skeleton (Crypt:1)
  A pale draconian zombie (Crypt:1)
  Psyche (D:12)
  4 kobold demonologists (D:11 D:12 D:14 Abyss:4)
  10 cane toads (Lair:1 Lair:2 Lair:3 Lair:4 Lair:5)
  8 freezing wraiths (D:13 Crypt:1 Crypt:2 Abyss:2 Vaults:5)
  47 yaktaurs (D:14 D:15 Vaults:1 Vaults:2 Vaults:3)
  6 orange demons (WizLab Abyss:1 Abyss:2)
  A shock serpent skeleton (Crypt:2)
  8 efreet (D:13 D:15 WizLab Abyss:1 Abyss:2)
  A redback zombie (Crypt:2)
  8 rime drakes (Lair:2 Lair:3 Lair:5 Zig:7)
  3 centaur skeletons (D:15 Crypt:3)
  A red draconian zombie (Crypt:1)
  2 golden dragon simulacra (Depths:4)
  2 tengu conjurers (Vaults:1 Depths:1)
  A queen bee (D:10)
  11 komodo dragons (D:10 Lair:1 Lair:2 Lair:3 Lair:5)
  A green draconian skeleton (Crypt:1)
  20 ancient zymes (Abyss:2 Abyss:4)
  A hellwing (Abyss:2)
  A silent spectre (Orc:1)
  4 guardian mummies (Crypt:1)
  A polar bear (Lair:1)
  3 harpy zombies (Crypt:1 Crypt:3 Abyss:2)
  A sea snake skeleton (Crypt:1)
  6 hornets (D:10 Lair:4 Depths:3 Depths:4 Vaults:5)
  7 wind drakes (Shoals:3 Shoals:4 Zig:2)
  A shadow dragon simulacrum (Depths:4)
  28 merfolk (Shoals:1 Shoals:2 Shoals:4 Shoals:3 Zig:4)
  15 trolls (D:9 D:10 D:11 D:12 Orc:2)
  2 tarantella zombies (Crypt:1 Crypt:2)
  A hornet (shapeshifter) (Elf:1)
  53 raiju (Abyss:1 Abyss:2)
  2 hydra skeletons (Crypt:3)
  5 harpy skeletons (Crypt:3)
  4 dream sheep (Shoals:4)
  22 blink frogs (Lair:1 Lair:2 Lair:3 WizLab)
  A blink frog (shapeshifter) (Abyss:2)
  An ettin zombie (Vaults:4)
  A dream sheep (shapeshifter) (Elf:3)
  A jumping spider (Vaults:4)
  A spriggan zombie (Depths:1)
  A centaur simulacrum (Abyss:2)
  2 wyverns (Lair:3 Zig:7)
  7 snapping turtles (Shoals:1 Shoals:3 Shoals:4)
  123 slime creatures (D:14 Vaults:1 Vaults:3 Vaults:2 Vaults:4)
  12 water elementals (Shoals:1 Shoals:3 Shoals:4 Depths:4 Zig:4)
  2 vampires (D:9 D:12)
  5 shadows (Gauntlet Abyss:2)
  A dire elephant simulacrum (Crypt:1)
  2 flying skulls (Abyss:2)
  2 air elementals (Elf:3 Abyss:2)
  4 fire elementals (Elf:1 Elf:3)
  An ettin skeleton (Crypt:3)
  36 yaks (D:10 Lair:1 Lair:2 Lair:3 Lair:4)
  9 fire bats (Abyss:1 Abyss:2)
  A wyvern (shapeshifter) (Abyss:2)
  10 ynoxinuls (Abyss:2)
  10 wraiths (D:12 Crypt:1 Crypt:3 Abyss:2 Abyss:4)
  46 large abominations (WizLab Abyss:1 Abyss:2 Zig:8)
  A yak (shapeshifter) (Abyss:2)
  Eustachio (D:6)
  17 golden eyes (Slime:4 Abyss:1 Abyss:2)
  2 basilisks (Abyss:2)
  3 vampire mosquitoes (D:11)
  8 neqoxecs (Abyss:2 Abyss:4)
  5 steam dragons (D:7 D:9 Zig:7)
  12 chaos spawn (Abyss:1 Abyss:2 Abyss:4)
  2 redbacks (Vaults:2)
  12 spatial vortices (WizLab Abyss:2 Abyss:4)
  7 wargs (Orc:1 Orc:2 Depths:4)
  Menkaure (D:5)
  A harpy simulacrum (Abyss:2)
  41 nagas (Lair:3 Snake:1 Snake:2 Snake:3 Snake:4)
  3 acid dragons (D:11 Zig:2 Zig:7)
  A hell hound (Abyss:2)
  A fire bat zombie (Crypt:3)
  10 water moccasins (D:5 Lair:1 Lair:2 Lair:3 Lair:4)
  A swamp worm (shapeshifter) (Depths:2)
  A floating eye (shapeshifter) (Vaults:5)
  An ettin simulacrum (Crypt:3)
  A meliai simulacrum (D:15)
  18 orc warriors (D:8 D:9 Orc:1 Orc:2 Elf:1)
  A cane toad skeleton (Crypt:3)
  2 ice beasts (D:6 Abyss:2)
  2 black bears (Lair:4 Lair:3)
  5 sky beasts (D:7 Abyss:1 Abyss:2)
  28 ogres (D:6 D:7 Orc:1 Orc:2)
  7 boggarts (Lair:3 Elf:1 Vaults:1 WizLab)
  24 centaurs (D:7 D:11 D:12 D:13 D:14)
  13 wolves (Lair:1 Lair:3)
  A dream sheep skeleton (Crypt:2)
  A draconian zombie (Crypt:1)
  6 kobold brigands (D:9 D:10 D:11 Abyss:4)
  7 bullfrogs (D:8 D:9 Lair:1 Lair:3 Lair:4)
  2 gnoll sergeants (D:7 D:8)
  5 necrophages (Crypt:1 Crypt:2 Crypt:3)
  3 scorpions (D:4 D:5)
  4 earth elementals (Elf:2 Elf:3 Abyss:2)
  A glowing shapeshifter simulacrum (Vaults:4)
  35 wights (D:7 D:9 D:10 Crypt:3)
  6 howler monkeys (D:8 D:9 D:13)
  19 killer bees (D:7 D:8 D:10)
  An electric eel (Lair:1)
  2 human zombies (Crypt:1)
  6 quasits (D:6 Abyss:1 Abyss:2)
  8 iron imps (WizLab Abyss:1 Abyss:2)
  3 jellies (D:5 D:7 Abyss:2)
  A black bear zombie (Crypt:2)
  11 orc priests (D:4 D:8 Orc:1 Orc:2 Elf:1)
  2 gnoll boudas (D:7 D:8)
  2 hounds (D:7)
  2 sleepcaps (D:5 D:7)
  A basilisk skeleton (Crypt:1)
  Ijyb (D:5)
  Terence (D:3)
  6 iguanas (D:5 D:6 D:7)
  Natasha (thrice) (D:3)
  18 orc wizards (D:4 D:5 D:6 D:8 Orc:1)
  A boggart zombie (D:15)
  37 small abominations (Abyss:1 Abyss:2 Abyss:4)
  2 mummies (Crypt:1)
  8 adders (D:2 D:3 D:4 D:5)
  26 gnolls (D:5 D:7 D:8 Bailey Orc:2)
  7 shadow imps (D:5 D:7 Abyss:2)
  10 white imps (D:5 D:7 D:8 WizLab Abyss:2)
  7 ufetubi (D:7 WizLab Abyss:1 Abyss:2)
  An adder zombie (D:3)
  A jelly zombie (Crypt:2)
  2 worms (D:2 D:3)
  3 dart slugs (D:1 D:3 D:5)
  88 orcs (D:2 D:3 D:4 D:5 D:6)
  6 bats (D:1 D:2 D:3)
  10 endoplasms (D:1 D:2 D:3 D:4)
  7 giant cockroaches (D:1 D:2)
  8 goblins (D:1 D:2 D:4)
  8 hobgoblins (D:1 D:2 D:4)
  21 kobolds (D:1 D:2 D:3 D:9 D:10)
  2 quokkas (D:1)
  4 ball pythons (D:1 D:3)
  A ball python skeleton (D:3)
  A ball python zombie (D:3)
  5 frilled lizards (D:1 D:2 D:3)
  A goblin skeleton (Crypt:2)
  A hobgoblin zombie (Crypt:3)
  A jackal skeleton (D:3)
  A quokka zombie (D:3)
  4 rats (D:1 D:2 D:3)
  A spectral quokka (D:3)
  4 bushes (Elf:2)
  A butterfly (Lair:1)
  9 lurking horrors (Abyss:2 Abyss:4)
  10 starspawn tentacles (Abyss:2 Abyss:4)
3160 creatures vanquished.

Vanquished Creatures (collateral kills)
  Mlioglotl (Shoals:4)
1 creature vanquished.

Vanquished Creatures (others)
  A quicksilver dragon (Zig:7)
  A caustic shrike simulacrum (Zig:3)
  A thrashing horror (Abyss:2)
  A tormentor (Zig:3)
  A fire elemental (Elf:2)
  A chaos spawn (Abyss:2)
  2 small abominations (Abyss:2)
  A white imp (D:7)
  2 orcs (Depths:4)
  16 demonic plants (D:7 Gauntlet)
  33 fungi (D:3 Lair:2 Lair:3 Lair:5 Depths:4)
  2 lurking horrors (Abyss:2)
  112 plants (D:10 Lair:1 Lair:2 Lair:3 Lair:4)
  33 starspawn tentacles (WizLab Abyss:1 Abyss:2 Abyss:4 Zig:8)
  4 toadstools (D:3)
  30 withered plants (D:3 Lair:2)
241 creatures vanquished.

Grand Total: 3402 creatures vanquished

Table legend: (Time is in decaauts)
 A = Elapsed time spent in this place.
 B = Non-inter-level travel time spent in this place.
 C = Inter-level travel time spent in this place.
 D = Time resting spent in this place.
 E = Time spent auto-exploring this place.
 F = Levels seen in this place.
 G = Mean time per level.
                   A        B        C        D        E       F      G
               +--------+--------+--------+--------+--------+-----+--------+
         Total |  82355 |  66974 |  15381 |   5498 |  37048 |  75 | 1098.1 |
       Dungeon |  20876 |  14236 |   6640 |    591 |   9763 |  15 | 1391.7 |
          Lair |   6890 |   5592 |   1298 |    211 |   3305 |   5 | 1378.0 |
        Shoals |   4772 |   4338 |    434 |    597 |   1991 |   4 | 1193.0 |
     Snake Pit |   6251 |   5823 |    428 |    928 |   2969 |   4 | 1562.8 |
    Slime Pits |   3299 |   2740 |    559 |    331 |   1571 |   5 |  659.8 |
  Orcish Mines |   3224 |   2365 |    859 |     15 |   1265 |   2 | 1612.0 |
   Elven Halls |   5384 |   4654 |    730 |    862 |   1877 |   3 | 1794.7 |
        Vaults |   7918 |   6527 |   1391 |    159 |   4219 |   5 | 1583.6 |
         Crypt |   3119 |   2941 |    178 |    122 |   1670 |   3 | 1039.7 |
        Depths |   7783 |   5677 |   2106 |    686 |   3153 |   4 | 1945.8 |
           Zot |   4889 |   4136 |    753 |    391 |   2057 |   5 |  977.8 |
         Abyss |   5070 |   5070 |      0 |    336 |   2569 |   5 | 1014.0 |
      Ziggurat |    707 |    707 |      0 |    190 |      0 |  11 |   64.3 |
        Bazaar |     58 |     58 |      0 |      0 |     32 |   1 |   58.0 |
        Bailey |    376 |    376 |      0 |     42 |      0 |   1 |  376.0 |
        Wizlab |   1250 |   1250 |      0 |     26 |    444 |   1 | 1250.0 |
      Gauntlet |    482 |    482 |      0 |      8 |    161 |   1 |  482.0 |
               +--------+--------+--------+--------+--------+-----+--------+

Top non-repeatable levels by time:
 Abyss:2: 4183 daAuts
     D:9: 3427 daAuts
    D:10: 2683 daAuts
 Snake:4: 2378 daAuts
Depths:4: 2357 daAuts
Depths:3: 2112 daAuts
   Orc:1: 2012 daAuts
    D:13: 1918 daAuts
   Elf:2: 1896 daAuts
Vaults:2: 1885 daAuts
 Snake:3: 1789 daAuts
   Elf:1: 1778 daAuts
  Lair:5: 1776 daAuts
Vaults:3: 1732 daAuts
   Elf:3: 1708 daAuts

Table legend:
 A = Non-vault XP
 B = Vault XP
 C = Vault XP percentage of total XP
 D = Non-vault monster count
 E = Vault monster count
 F = Vault count percentage of total count
                 A         B        C        D         E       F
            +---------+---------+-------+---------+---------+-------
      Total | 1156965 |  896725 |  43.7 |    2058 |    1055 |  33.9
            +---------+---------+-------+---------+---------+-------
        D:1 |      61 |       0 |   0.0 |      33 |       0 |   0.0
        D:2 |      84 |       0 |   0.0 |      23 |       0 |   0.0
        D:3 |     136 |      82 |  37.6 |      23 |       8 |  25.8
        D:4 |     254 |       0 |   0.0 |      19 |       0 |   0.0
        D:5 |     575 |     275 |  32.4 |      17 |       5 |  22.7
        D:6 |     360 |     242 |  40.2 |       9 |       2 |  18.2
        D:7 |    1769 |     743 |  29.6 |      28 |      16 |  36.4
        D:8 |     813 |     187 |  18.7 |      26 |       3 |  10.3
        D:9 |    1367 |       0 |   0.0 |      14 |       0 |   0.0
       D:10 |    2591 |    1565 |  37.7 |      21 |      14 |  40.0
       D:11 |    5035 |       0 |   0.0 |      27 |       0 |   0.0
       D:12 |    3670 |    1213 |  24.8 |      11 |       3 |  21.4
       D:13 |    4220 |    2008 |  32.2 |      16 |       3 |  15.8
       D:14 |    8222 |       0 |   0.0 |      19 |       0 |   0.0
       D:15 |   10230 |    4129 |  28.8 |      16 |      10 |  38.5
     Lair:1 |    6108 |       0 |   0.0 |      29 |       0 |   0.0
     Lair:2 |    8486 |    1378 |  14.0 |      23 |       2 |   8.0
     Lair:3 |   11451 |    1322 |  10.3 |      34 |       7 |  17.1
     Lair:4 |    1687 |    8620 |  83.6 |       7 |      20 |  74.1
     Lair:5 |    8275 |   11430 |  58.0 |      17 |      23 |  57.5
   Shoals:1 |   12368 |       0 |   0.0 |      22 |       0 |   0.0
   Shoals:2 |    5791 |    1483 |  20.4 |      12 |       1 |   7.7
   Shoals:3 |   14803 |       0 |   0.0 |      31 |       0 |   0.0
   Shoals:4 |   18897 |   30086 |  61.4 |      42 |      39 |  48.1
    Snake:1 |    4379 |    1180 |  21.2 |      10 |       1 |   9.1
    Snake:2 |   20215 |    2573 |  11.3 |      36 |       4 |  10.0
    Snake:3 |   15829 |    3443 |  17.9 |      28 |       5 |  15.2
    Snake:4 |   13947 |   22413 |  61.6 |      30 |      40 |  57.1
    Slime:1 |   10748 |       0 |   0.0 |      25 |       0 |   0.0
    Slime:2 |    5631 |       0 |   0.0 |      12 |       0 |   0.0
    Slime:3 |    8912 |       0 |   0.0 |      28 |       0 |   0.0
    Slime:4 |    9499 |       0 |   0.0 |      16 |       0 |   0.0
    Slime:5 |   16417 |   23242 |  58.6 |      40 |      15 |  27.3
      Orc:1 |    5510 |   15976 |  74.4 |      30 |      40 |  57.1
      Orc:2 |    3026 |   18550 |  86.0 |      31 |      43 |  58.1
      Elf:1 |   13876 |   17977 |  56.4 |      24 |      34 |  58.6
      Elf:2 |   16939 |   26227 |  60.8 |      27 |      32 |  54.2
      Elf:3 |   21111 |   28393 |  57.4 |      37 |      27 |  42.2
   Vaults:1 |   29008 |   20419 |  41.3 |      41 |      25 |  37.9
   Vaults:2 |   22835 |   37805 |  62.3 |      36 |      54 |  60.0
   Vaults:3 |   23565 |   41191 |  63.6 |      36 |      48 |  57.1
   Vaults:4 |   20701 |   43894 |  68.0 |      31 |      59 |  65.6
   Vaults:5 |   28146 |  123193 |  81.4 |      31 |     102 |  76.7
    Crypt:1 |   36864 |    7793 |  17.5 |      62 |       4 |   6.1
    Crypt:2 |   13207 |    3390 |  20.4 |      23 |       1 |   4.2
    Crypt:3 |   26628 |   44244 |  62.4 |      37 |      59 |  61.5
   Depths:1 |   31631 |    1484 |   4.5 |      40 |       2 |   4.8
   Depths:2 |   18854 |   28982 |  60.6 |      22 |      22 |  50.0
   Depths:3 |   65171 |   48564 |  42.7 |      80 |      42 |  34.4
   Depths:4 |   21518 |   85900 |  80.0 |      23 |      80 |  77.7
      Zot:1 |   47746 |    7529 |  13.6 |      41 |       5 |  10.9
      Zot:2 |   20854 |   11674 |  35.9 |      19 |       7 |  26.9
      Zot:3 |   40379 |   16765 |  29.3 |      31 |      13 |  29.5
      Zot:4 |   26244 |       0 |   0.0 |      20 |       0 |   0.0
      Zot:5 |   60604 |  111526 |  64.8 |      52 |      42 |  44.7
    Abyss:1 |   18738 |       0 |   0.0 |      42 |       0 |   0.0
    Abyss:2 |  224243 |    1310 |   0.6 |     405 |       4 |   1.0
    Abyss:3 |    1730 |       0 |   0.0 |       2 |       0 |   0.0
    Abyss:4 |   19944 |   10229 |  33.9 |      31 |      19 |  38.0
      Zig:1 |    1328 |       0 |   0.0 |       1 |       0 |   0.0
      Zig:2 |    3009 |    2624 |  46.6 |       3 |       4 |  57.1
      Zig:3 |    1597 |       0 |   0.0 |       3 |       0 |   0.0
      Zig:4 |    4012 |       0 |   0.0 |       8 |       0 |   0.0
      Zig:5 |    8118 |       0 |   0.0 |       4 |       0 |   0.0
      Zig:6 |    6211 |       0 |   0.0 |       6 |       0 |   0.0
      Zig:7 |    7872 |       0 |   0.0 |      14 |       0 |   0.0
      Zig:8 |   13693 |       0 |   0.0 |      10 |       0 |   0.0
     Zig:10 |   19223 |       0 |   0.0 |      11 |       0 |   0.0
     Bailey |       0 |     839 | 100.0 |       0 |      21 | 100.0
     WizLab |       0 |   20810 | 100.0 |       0 |      40 | 100.0
   Gauntlet |       0 |    1823 | 100.0 |       0 |       5 | 100.0
            +---------+---------+-------+---------+---------+-------
